Workbook
Name _1Excel_BuiltIn_Print_Area_1_1_1: 'Прил 3'!$A$1:$C$31
Name _2Excel_BuiltIn_Print_Area_7_1_1: #REF!
Name _2Excel_BuiltIn_Print_Area_7_1_1: #REF!
Name _Toc105952698: 'Прил 5 '!$A$2
Name _Toc105952698: #REF!
Name Excel_BuiltIn_Print_Area_1: 'Прил 3'!$A$1:$C$31
Name Excel_BuiltIn_Print_Area_1_1: 'Прил 3'!$A$1:$C$31
Name Excel_BuiltIn_Print_Area_2: #REF!
Name Excel_BuiltIn_Print_Area_2: #REF!
Name Excel_BuiltIn_Print_Area_3: 'Прил 1'!$A$1:$C$32
Name Excel_BuiltIn_Print_Area_3_1: #REF!
Name Excel_BuiltIn_Print_Area_3_1: #REF!
Name Excel_BuiltIn_Print_Area_4: #REF!
Name Excel_BuiltIn_Print_Area_4: #REF!
Name Excel_BuiltIn_Print_Area_5: 'Прил 5 '!$A$1:$I$42
Name Excel_BuiltIn_Print_Area_5: #REF!
Name Excel_BuiltIn_Print_Area_5_1: 'Прил 5 '!$A$1:$I$42
Name Excel_BuiltIn_Print_Area_5_1: #REF!
Name Excel_BuiltIn_Print_Area_6: 'Прил 4'!$A$1:$G$43
Name Excel_BuiltIn_Print_Area_6_1: 'Прил 4'!$A$1:$G$43
Name Excel_BuiltIn_Print_Area_7: #REF!
Name Excel_BuiltIn_Print_Area_7: #REF!
Name Excel_BuiltIn_Print_Area_7_1: #REF!
Name Excel_BuiltIn_Print_Area_7_1: #REF!

Sheet Прил 1
C1: Приложение 1 к решению Совета депутатов Паевского сельского поселения "О бюджете Паевского сельского поселения Кадошкинского муниципального района Республики Мордовия на 2022 год и на плановый период 2023 и 2024 годов"
A2: ПЕРЕЧЕНЬ АДМИНИСТРАТОРОВ ДОХОДОВ БЮДЖЕТА ПАЕВСКОГО СЕЛЬСКОГО ПОСЕЛЕНИЯ КАДОШКИНСКОГО МУНИЦИПАЛЬНОГО РАЙОНА РЕСПУБЛИКИ МОРДОВИЯ
A4: Код бюджетной классификации Российской Федерации | C4: Наименование доходов бюджета
A5: администратора доходов | B5: доходов бюджета
A6: 1 | B6: 2 | C6: 3
A8: 918 | B8: Администрация Паевского сельского поселения Кадошкинского муниципального района Республики Мордовия
A10: 918 | B10: 1 08 04020 01 1000 110 | C10: Государственная пошлина за совершение нотариальных действий должностными лицами органов местного самоуправления, уполномоченными в соответствии с законодательными актами Российской Федерации на совершение нотариальных действий
A11: 918 | B11: 1 08 04020 01 4000 110 | C11: Государственная пошлина за совершение нотариальных действий должностными лицами органов местного самоуправления, уполномоченными в соответствии с законодательными актами Российской Федерации на совершение нотариальных действий (прочие поступления)
A12: 918 | B12: 1 11 02033 10 0000 120 | C12: Доходы от размещения временно свободных средств бюджетов сельских поселений
A13: 918 | B13: 1 11 05035 10 0000 120 | C13: Доходы от сдачи в аренду имущества, находящегося в оперативном управлении органов управления сельских поселений и созданных ими учреждений (за исключением имущества муниципальных бюджетных и автономных учреждений)
A14: 918 | B14: 1 11 09045 10 0000 120 | C14: Прочие поступления от использования имущества, находящегося в собственности сельских поселений (за исключением имущества муниципальных бюджетных и автономных учреждений, а также имущества муниципальных унитарных предприятий, в том числе казенных)
A15: 918 | B15: 1 13 01995 10 0000 130 | C15: Прочие доходы от оказания платных услуг (работ) получателями средств бюджетов сельских поселений
A16: 918 | B16: 1 13 02995 10 0000 130 | C16: Прочие доходы от компенсации затрат бюджетов сельских поселений
A17: 918 | B17: 1 14 02052 10 0000 410 | C17: Доходы от реализации имущества, находящегося в оперативном управлении учреждений, находящихся в ведении органов управления сельских поселений (за исключением имущества муниципальных бюджетных и автономных учреждений), в части реализации основных средств по указанному имуществу
A18: 918 | B18: 1 14 02052 10 0000 440 | C18: Доходы от реализации имущества, находящегося в оперативном управлении учреждений, находящихся в ведении органов управления сельских поселений (за исключением имущества муниципальных бюджетных и автономных учреждений), в части реализации материальных запасов по указанному имуществу
A19: 918 | B19: 1 14 02053 10 0000 410 | C19: Доходы от реализации иного имущества, находящегося в собственности сельских поселений (за исключением имущества муниципальных бюджетных и автономных учреждений, а также имущества муниципальных унитарных предприятий, в том числе казенных), в части реализации основных средств по указанному имуществу
A20: 918 | B20: 1 14 02053 10 0000 440 | C20: Доходы от реализации иного имущества, находящегося в собственности сельских поселений (за исключением имущества муниципальных бюджетных и автономных учреждений, а также имущества муниципальных унитарных предприятий, в том числе казенных), в части реализации материальных запасов по указанному имуществу
A21: 918 | B21: 1 14 06025 10 0000 430 | C21: Доходы от продажи земельных участков, находящихся в собственности сельских поселений (за исключением земельных участков муниципальных бюджетных и автономных учреждений)
... A37: 918 | B37: 2 08 05000 10 0000 150 | C37: Перечисления из бюджетов сельских поселений (в бюджеты поселений) для осуществления возврата (зачета) излишне уплаченных или излишне взысканных сумм налогов, сборов и иных платежей, а также сумм процентов за несвоевременное осуществление такого возврата и процентов, начисленных на излишне взысканные суммы

Sheet Прил 2
C1: Приложение 2 к решению Совета депутатов Паевского сельского поселения "О бюджете Паевского сельского поселения Кадошкинского муниципального района Республики Мордовия на 2022 год и на плановый период 2023 и 2024 годов"
A2: ПЕРЕЧЕНЬ ГЛАВНЫХ АДМИНИСТРАТОРОВ ИСТОЧНИКОВ ФИНАНСИРОВАНИЯ ДЕФИЦИТА БЮДЖЕТА ПАЕВСКОГО СЕЛЬСКОГО ПОСЕЛЕНИЯ КАДОШКИНСКОГО МУНИЦИПАЛЬНОГО РАЙОНА РЕСПУБЛИКИ МОРДОВИЯ
A5: Код бюджетной классификации Российской Федерации | C5: Наименование главного администратора источника финансирования бюджета
A6: администратора | B6: источников внутреннего финансирования дефицита бюджета
A7: 1 | B7: 2 | C7: 3
A8: 918 | C8: Администрация Паевского сельского поселения Кадошкинского муниципального района
A9: 918 | B9: 01 02 00 00 10 0000 710 | C9: Получение кредитов от кредитных организаций бюджетами сельских поселений в валюте Российской Федерации
A10: 918 | B10: 01 03 01 00 10 0000 810 | C10: Погашение бюджетами сельских поселений кредитов из других бюджетов бюджетной системы Российской Федерации в валюте Российской Федерации

Sheet Прил 3
C1: Приложение 3 к решению Совета депутатов Паевского сельского поселения "О бюджете Паевского сельского поселения Кадошкинского муниципального района Республики Мордовия на 2022 год и на плановый период 2023 и 2024 годов"
A2: ДОХОДЫ БЮДЖЕТА ПАЕВСКОГО СЕЛЬСКОГО ПОСЕЛЕНИЯ КАДОШКИНСКОГО МУНИЦИПАЛЬНОГО РАЙОНА РЕСПУБЛИКИ МОРДОВИЯ
C3: (тыс.рублей)
A4: Код бюджетной классификации доходов бюджета | B4: Наименование доходов | C4: Сумма
C5: 2022 год | D5: 2023 год | E5: 2024 год
A6: 1 | B6: 2 | C6: 3 | D6: 4 | E6: 5
B7: ВСЕГО ДОХОДОВ | C7: =SUM(C8+C21) -> 1272.6 | D7: =SUM(D8+D21) -> 964.7 | E7: =SUM(E8+E21) -> 1022.4
A8: 00010000000000000000 | B8: НАЛОГОВЫЕ И НЕНАЛОГОВЫЕ ДОХОДЫ | C8: =SUM(C9+C12+C14+C16+C19) -> 493.9 | D8: =SUM(D9+D12+D14+D16+D19) -> 475.7 | E8: =SUM(E9+E12+E14+E16+E19) -> 511.6
A9: 00010100000000000000 | B9: НАЛОГИ НА ПРИБЫЛЬ, ДОХОДЫ | C9: =SUM(C10) -> 48 | D9: =SUM(D10) -> 23 | E9: =SUM(E10) -> 52
A10: 00010102000010000110 | B10: Налог на доходы физических лиц | C10: =SUM(C11) -> 48 | D10: =SUM(D11) -> 23 | E10: =SUM(E11) -> 52
A11: 18210102010010000110 | B11: Налог на доходы физических лиц с доходов, источником которых является налоговый агент, за исключением доходов, в отношении которых исчисление и уплата налога осуществляются в соответствии со статьями 227, 2271 и 228 Налогового кодекса Российской Федерации | C11: 48 | D11: 23 | E11: 52
A12: 00010500000000000000 | B12: НАЛОГИ НА СОВОКУПНЫЙ ДОХОД | C12: =SUM(C13) -> 7 | D12: =SUM(D13) -> 7 | E12: =SUM(E13) -> 7
A13: 18210503010010000110 | B13: Единый сельскохозяйственный налог | C13: 7 | D13: 7 | E13: 7
A14: 00010600000000000000 | B14: НАЛОГИ НА ИМУЩЕСТВО | C14: =SUM(C15) -> 74 | D14: =SUM(D15) -> 78 | E14: =SUM(E15) -> 80
A15: 18210601030100000110 | B15: Налог на имущество физических лиц, взимаемый по ставкам, применяемым к объектам налогообложения, расположенным в границах сельских поселений | C15: 74 | D15: 78 | E15: 80
A16: 00010606000000000110 | B16: Земельный налог | C16: =SUM(C17+C18) -> 320 | D16: =SUM(D17+D18) -> 321 | E16: =SUM(E17+E18) -> 324
A17: 18210606033100000110 | B17: Земельный налог с организаций, обладающих земельным участком, расположенным в границах сельских поселений | C17: 85 | D17: 85 | E17: 85
A18: 18210606043100000110 | B18: Земельный налог с физических лиц, обладающих земельным участком, расположенным в границах сельских поселений | C18: 235 | D18: 236 | E18: 239
A19: 00011100000000000000 | B19: ДОХОДЫ ОТ ИСПОЛЬЗОВАНИЯ ИМУЩЕСТВА, НАХОДЯЩЕГОСЯ В ГОСУДАРСТВЕННОЙ И МУНИЦИПАЛЬНОЙ СОБСТВЕННОСТИ | C19: =SUM(C20) -> 44.9 | D19: =SUM(D20) -> 46.7 | E19: =SUM(E20) -> 48.6
A20: 91811105035100000120 | B20: Доходы от сдачи в аренду имущества, находящегося в оперативном управлении органов управления поселений и созданных ими учреждений (за исключением имущества муниципальных бюджетных и автономных учреждений) | C20: 44.9 | D20: 46.7 | E20: 48.6
A21: 00020200000000000000 | B21: БЕЗВОЗМЕЗДНЫЕ ПОСТУПЛЕНИЯ ОТ ДРУГИХ БЮДЖЕТОВ БЮДЖЕТНОЙ СИСТЕМЫ РОССИЙСКОЙ ФЕДЕРАЦИИ | C21: =SUM(C27+C30+C25+C22) -> 778.7 | D21: =SUM(D27+D30+D25+D22) -> 489 | E21: =SUM(E27+E30+E25+E22) -> 510.8
A22: 00020210000000000150 | B22: Дотации бюджетам бюджетной системы Российской Федерации | C22: =C23+C24 -> 311.2 | D22: =D23+D24 -> 13.8 | E22: =E23+E24 -> 13.8
A23: 91820215001100000150 | B23: Дотации бюджетам сельских поселений на выравнивание бюджетной обеспеченности | C23: 4.5 | D23: 13.8 | E23: 13.8
A24: 91820215002100000150 | B24: Дотации бюджетам сельских поселений на поддержку мер по обеспечению сбалансированности бюджетов | C24: 306.7 | D24: 0 | E24: 0
A25: 00020220000000000150 | B25: Субсидии бюджетам бюджетной системы Российской Федерации (межбюджетные субсидии) | C25: =C26 -> 0 | D25: =D26 -> 0 | E25: =E26 -> 0
A26: 91820229999100000150 | B26: Прочие субсидии бюджетам сельских поселений | C26: 0 | D26: 0 | E26: 0
A27: 00020230000000000150 | B27: Субвенции бюджетам бюджетной системы Российской Федерации | C27: =SUM(C28+C29) -> 87.5 | D27: =SUM(D28+D29) -> 90.2 | E27: =SUM(E28+E29) -> 90.2
A28: 91820230024100000150 | B28: Субвенции на осуществление государственных полномочий Республики Мордовия по определению перечня должностных лиц, уполномоченных составлять протоколы об административных правонарушениях, предусмотренных Законом Республики Мордовия от 15 июня 2015 года № 38-З "Об административной ответственности на территории Республики Мордовия" | C28: 0.1 | D28: 0.1 | E28: 0.1
A29: 91820235118100000150 | B29: Субвенции бюджетам сельских поселений на осуществление первичного воинского учета на территориях, где отсутствуют военные комиссариаты | C29: 87.4 | D29: 90.1 | E29: 90.1
A30: 00020240000000000150 | B30: Иные межбюджетные трансферты | C30: =SUM(C31) -> 380 | D30: =SUM(D31) -> 385 | E30: =SUM(E31) -> 406.8
A31: 91820240014100000150 | B31: Межбюджетные трансферты, передаваемые бюджетам сельских поселений из бюджетов муниципальных районов на осуществление части полномочий по решению вопросов местного значения в соответствии с заключенными соглашениями | C31: =354.6+25.4 -> 380 | D31: =359.6+25.4 -> 385 | E31: =381.4+25.4 -> 406.8

Sheet Прил 4
J1: Приложение 4 к решению Совета депутатов Паевского сельского поселения "О бюджете Паевского сельского поселения Кадошкинского муниципального района Республики Мордовия на 2022 год и на плановый период 2023 и 2024 годов"
A2: ВЕДОМСТВЕННАЯ СТРУКТУРА РАСХОДОВ БЮДЖЕТА ПАЕВСКОГО СЕЛЬСКОГО ПОСЕЛЕНИЯ КАДОШКИНСКОГО МУНИЦИПАЛЬНОГО РАЙОНА РЕСПУБЛИКИ МОРДОВИЯ НА 2022 ГОД И НА ПЛАНОВЫЙ ПЕРИОД 2023 И 2024 ГОДОВ
L3: (тыс. рублей)
A4: Наименование | B4: Адм | C4: Рз | D4: Прз | E4: Цср | I4: Вр | J4: Сумма
J5: 2022 год | K5: 2023 год | L5: 2024 год
A6: 1 | B6: 2 | C6: 3 | D6: 4 | E6: 5 | F6: 6 | G6: 7 | H6: 8 | I6: 9 | J6: 10 | K6: 11 | L6: 12
A7: ВСЕГО | J7: =J8 -> 1272.64 | K7: =K8 -> 964.7 | L7: =L8 -> 1022.4
A8: Администрация Паевского сельского поселения Кадошкинского муниципального района Республики Мордовия | B8: 918 | J8: =J9+J44+J53+J60+J76+J83 -> 1272.64 | K8: =K9+K44+K53+K60+K76+K83+K90 -> 964.7 | L8: =L9+L44+L53+L60+L76+L83+L90 -> 1022.4
A9: Общегосударственные вопросы | B9: 918 | C9: 01 | J9: =J10+J19+J38 -> 691.94 | K9: =K10+K19+K38 -> 409.1 | L9: =L10+L19+L38 -> 445
A10: Функционирование высшего должностного лица субъекта Российской Федерации и муниципального образования | B10: 918 | C10: 01 | D10: 02 | J10: =J11 -> 223.24 | K10: =K11 -> 134.5 | L10: =L11 -> 134.3
A11: Обеспечение деятельности администрации | B11: 918 | C11: 01 | D11: 02 | E11: 65 | J11: =J12 -> 223.24 | K11: =K12 -> 134.5 | L11: =L12 -> 134.3
A12: Высшее должностное лицо | B12: 918 | C12: 01 | D12: 02 | E12: 65 | F12: 1 | J12: =J13+J16 -> 223.24 | K12: =K13+K16 -> 134.5 | L12: =L13+L16 -> 134.3
A13: Расходы на выплаты по оплате труда высшего должностного лица | B13: 918 | C13: 01 | D13: 02 | E13: 65 | F13: 1 | G13: 00 | H13: 41150 | J13: =J14 -> 223.24 | K13: =K14 -> 134.5 | L13: =L14 -> 134.3
A14: Расходы на выплаты персоналу в целях обеспечения выполнения функций государственными (муниципальными) органами, казенными учреждениями, органами управления государственными внебюджетными фондами | B14: 918 | C14: 01 | D14: 02 | E14: 65 | F14: 1 | G14: 00 | H14: 41150 | I14: 100 | J14: =J15 -> 223.24 | K14: =K15 -> 134.5 | L14: =L15 -> 134.3
A15: Расходы на выплаты персоналу государственных (муниципальных) органов | B15: 918 | C15: 01 | D15: 02 | E15: 65 | F15: 1 | G15: 00 | H15: 41150 | I15: 120 | J15: 223.24 | K15: 134.5 | L15: 134.3
A16: Субсидии на софинансирование расходных обязательств по финансовому обеспечению деятельности органов местного самоуправления и муниципальных учреждений | B16: 918 | C16: 01 | D16: 02 | E16: 65 | F16: 1 | G16: 00 | H16: 44205 | J16: =J17 -> 0 | K16: =K17 -> 0 | L16: =L17 -> 0
A17: Расходы на выплаты персоналу в целях обеспечения выполнения функций государственными (муниципальными) органами, казенными учреждениями, органами управления государственными внебюджетными фондами | B17: 918 | C17: 01 | D17: 02 | E17: 65 | F17: 1 | G17: 00 | H17: 44205 | I17: 100 | J17: =J18 -> 0 | K17: =K18 -> 0 | L17: =L18 -> 0
A18: Расходы на выплаты персоналу государственных (муниципальных) органов | B18: 918 | C18: 01 | D18: 02 | E18: 65 | F18: 1 | G18: 00 | H18: 44205 | I18: 120 | J18: 0 | K18: 0 | L18: 0
A19: Функционирование Правительства Российской Федерации, высших органов исполнительной власти субъектов Российской Федерации, местных администраций | B19: 918 | C19: 01 | D19: 04 | J19: =J20+J33 -> 467.7 | K19: =K20+K33 -> 273.6 | L19: =L20+L33 -> 309.7
A20: Обеспечение деятельности администрации | B20: 918 | C20: 01 | D20: 04 | E20: 65 | J20: =J21 -> 467.6 | K20: =K21 -> 273.5 | L20: =L21 -> 309.6
A21: Непрограммные расходы в рамках обеспечения деятельности администрации | B21: 918 | C21: 01 | D21: 04 | E21: 65 | F21: 2 | J21: =J23+J25+J30 -> 467.6 | K21: =K23+K25+K30 -> 273.5 | L21: =L23+L25+L30 -> 309.6
A22: Расходы на выплаты по оплате труда работников органов местного самоуправления | B22: 918 | C22: 01 | D22: 04 | E22: 65 | F22: 2 | G22: 00 | H22: 41110 | J22: =J23 -> 425.3 | K22: =K23 -> 234.4 | L22: =L23 -> 213.6
A23: Расходы на выплаты персоналу в целях обеспечения выполнения функций государственными (муниципальными) органами, казенными учреждениями, органами управления государственными внебюджетными фондами | B23: 918 | C23: 01 | D23: 04 | E23: 65 | F23: 2 | G23: 00 | H23: 41110 | I23: 100 | J23: =J24 -> 425.3 | K23: =K24 -> 234.4 | L23: =L24 -> 213.6
A24: Расходы на выплаты персоналу государственных (муниципальных) органов | B24: 918 | C24: 01 | D24: 04 | E24: 65 | F24: 2 | G24: 00 | H24: 41110 | I24: 120 | J24: 425.3 | K24: 234.4 | L24: 213.6
A25: Расходы на обеспечение функций органов местного самоуправления | B25: 918 | C25: 01 | D25: 04 | E25: 65 | F25: 2 | G25: 00 | H25: 41120 | J25: =J26+J28 -> 42.3 | K25: =K26+K28 -> 39.1 | L25: =L26+L28 -> 96
A26: Закупка товаров, работ и услуг для обеспечения государственных (муниципальных) нужд | B26: 918 | C26: 01 | D26: 04 | E26: 65 | F26: 2 | G26: 00 | H26: 41120 | I26: 200 | J26: =J27 -> 31.7 | K26: =K27 -> 13.3 | L26: =L27 -> 70.2
A27: Иные закупки товаров, работ и услуг для обеспечения государственных (муниципальных) нужд | B27: 918 | C27: 01 | D27: 04 | E27: 65 | F27: 2 | G27: 00 | H27: 41120 | I27: 240 | J27: 31.7 | K27: 13.3 | L27: 70.2
A28: Иные бюджетные ассигнования | B28: 918 | C28: 01 | D28: 04 | E28: 65 | F28: 2 | G28: 00 | H28: 41120 | I28: 800 | J28: =J29 -> 10.6 | K28: =K29 -> 25.8 | L28: =L29 -> 25.8
A29: Уплата налогов, сборов и иных платежей | B29: 918 | C29: 01 | D29: 04 | E29: 65 | F29: 2 | G29: 00 | H29: 41120 | I29: 850 | J29: 10.6 | K29: 25.8 | L29: 25.8
A30: Субсидии на софинансирование расходных обязательств по финансовому обеспечению деятельности органов местного самоуправления и муниципальных учреждений | B30: 918 | C30: 01 | D30: 04 | E30: 65 | F30: 2 | G30: 00 | H30: 44205 | J30: =J31 -> 0 | K30: =K31 -> 0 | L30: =L31 -> 0
A31: Расходы на выплаты персоналу в целях обеспечения выполнения функций государственными (муниципальными) органами, казенными учреждениями, органами управления государственными внебюджетными фондами | B31: 918 | C31: 01 | D31: 04 | E31: 65 | F31: 2 | G31: 00 | H31: 44205 | I31: 100 | J31: =J32 -> 0 | K31: =K32 -> 0 | L31: =L32 -> 0
A32: Расходы на выплаты персоналу государственных (муниципальных) органов | B32: 918 | C32: 01 | D32: 04 | E32: 65 | F32: 2 | G32: 00 | H32: 44205 | I32: 120 | J32: 0 | K32: 0 | L32: 0
A33: Непрограммные расходы главных распорядителей средств бюджета Паевского сельского поселения Кадошкинского муниципального района Республики Мордовия | B33: 918 | C33: 01 | D33: 04 | E33: 89 | J33: =J34 -> 0.1 | K33: =K34 -> 0.1 | L33: =L34 -> 0.1
A34: Непрограммные расходы в рамках обеспечения деятельности главных распорядителей средств бюджета Паевского сельского поселения Кадошкинского муниципального района Республики Мордовия | B34: 918 | C34: 01 | D34: 04 | E34: 89 | F34: 1 | J34: =J35 -> 0.1 | K34: =K35 -> 0.1 | L34: =L35 -> 0.1
A35: Осуществление государственных полномочий Республики Мордовия по определению перечня должностных лиц, уполномоченных составлять протоколы об административных правонарушениях, предусмотренных Законом Республики Мордовия от 15 июня 2015 года № 38-З "Об административной ответственности на территории Республики Мордовия" | B35: 918 | C35: 01 | D35: 04 | E35: 89 | F35: 1 | G35: 00 | H35: 77150 | J35: =J36 -> 0.1 | K35: =K36 -> 0.1 | L35: =L36 -> 0.1
A36: Закупка товаров, работ и услуг для обеспечения государственных (муниципальных) нужд | B36: 918 | C36: 01 | D36: 04 | E36: 89 | F36: 1 | G36: 00 | H36: 77150 | I36: 200 | J36: =J37 -> 0.1 | K36: =K37 -> 0.1 | L36: =L37 -> 0.1
A37: Иные закупки товаров, работ и услуг для обеспечения государственных (муниципальных) нужд | B37: 918 | C37: 01 | D37: 04 | E37: 89 | F37: 1 | G37: 00 | H37: 77150 | I37: 240 | J37: 0.1 | K37: 0.1 | L37: 0.1
A38: Резервные фонды | B38: 918 | C38: 01 | D38: 11 | J38: =J39 -> 1 | K38: =K39 -> 1 | L38: =L39 -> 1
A39: Непрограммные расходы главных распорядителей средств бюджета Паевского сельского поселения Кадошкинского муниципального района Республики Мордовия | B39: 918 | C39: 01 | D39: 11 | E39: 89 | J39: =J40 -> 1 | K39: =K40 -> 1 | L39: =L40 -> 1
A40: Непрограммные расходы в рамках обеспечения деятельности главных распорядителей средств бюджета Паевского сельского поселения Кадошкинского муниципального района Республики Мордовия | B40: 918 | C40: 01 | D40: 11 | E40: 89 | F40: 1 | J40: =J41 -> 1 | K40: =K41 -> 1 | L40: =L41 -> 1
A41: Резервный фонд администрации Паевского сельского поселения Кадошкинского муниципального района Республики Мордовия | B41: 918 | C41: 01 | D41: 11 | E41: 89 | F41: 1 | G41: 00 | H41: 41180 | J41: =J42 -> 1 | K41: =K42 -> 1 | L41: =L42 -> 1
A42: Иные бюджетные ассигнования | B42: 918 | C42: 01 | D42: 11 | E42: 89 | F42: 1 | G42: 00 | H42: 41180 | I42: 800 | J42: =J43 -> 1 | K42: =K43 -> 1 | L42: =L43 -> 1
A43: Резервные средства | B43: 918 | C43: 01 | D43: 11 | E43: 89 | F43: 1 | G43: 00 | H43: 41180 | I43: 870 | J43: 1 | K43: 1 | L43: 1
A44: Национальная оборона | B44: 918 | C44: 02 | J44: =J45 -> 87.4 | K44: =K45 -> 90.1 | L44: =L45 -> 90.1
A45: Мобилизационная и вневойсковая подготовка | B45: 918 | C45: 02 | D45: 03 | J45: =J48 -> 87.4 | K45: =K48 -> 90.1 | L45: =L48 -> 90.1
A46: Непрограммные расходы главных распорядителей средств бюджета Паевского сельского поселения Кадошкинского муниципального района Республики Мордовия | B46: 918 | C46: 02 | D46: 03 | E46: 89 | J46: =J47 -> 87.4 | K46: =K47 -> 90.1 | L46: =L47 -> 90.1
A47: Непрограммные расходы в рамках обеспечения деятельности главных распорядителей средств бюджета Паевского сельского поселения Кадошкинского муниципального района Республики Мордовия | B47: 918 | C47: 02 | D47: 03 | E47: 89 | F47: 1 | J47: =J48 -> 87.4 | K47: =K48 -> 90.1 | L47: =L48 -> 90.1
A48: Осуществление государственных полномочий Российской Федерации о первичному воинскому учету на территориях, где отсутствуют военные комиссариаты | B48: 918 | C48: 02 | D48: 03 | E48: 89 | F48: 1 | G48: 00 | H48: 51180 | J48: =J49+J51 -> 87.4 | K48: =K49+K51 -> 90.1 | L48: =L49+L51 -> 90.1
A49: Расходы на выплаты персоналу в целях обеспечения выполнения функций государственными (муниципальными) органами, казенными учреждениями, органами управления государственными внебюджетными фондами | B49: 918 | C49: 02 | D49: 03 | E49: 89 | F49: 1 | G49: 00 | H49: 51180 | I49: 100 | J49: =J50 -> 83.4 | K49: =K50 -> 86.1 | L49: =L50 -> 86.1
A50: Расходы на выплаты персоналу государственных (муниципальных) органов | B50: 918 | C50: 02 | D50: 03 | E50: 89 | F50: 1 | G50: 00 | H50: 51180 | I50: 120 | J50: 83.4 | K50: 86.1 | L50: 86.1
A51: Закупка товаров, работ и услуг для обеспечения государственных (муниципальных) нужд | B51: 918 | C51: 02 | D51: 03 | E51: 89 | F51: 1 | G51: 00 | H51: 51180 | I51: 200 | J51: =J52 -> 4 | K51: =K52 -> 4 | L51: =L52 -> 4
A52: Иные закупки товаров, работ и услуг для обеспечения государственных (муниципальных) нужд | B52: 918 | C52: 02 | D52: 03 | E52: 89 | F52: 1 | G52: 00 | H52: 51180 | I52: 240 | J52: 4 | K52: 4 | L52: 4
A53: Национальная экономика | B53: 918 | C53: 04 | J53: =J54 -> 354.6 | K53: =K54 -> 359.6 | L53: =L54 -> 381.4
A54: Дорожное хозяйство (дорожные фонды) | B54: 918 | C54: 04 | D54: 09 | J54: =J55 -> 354.6 | K54: =K55 -> 359.6 | L54: =L55 -> 381.4
A55: Непрограммные расходы главных распорядителей средств бюджета Паевского сельского поселения Кадошкинского муниципального района Республики Мордовия | B55: 918 | C55: 04 | D55: 09 | E55: 89 | J55: =J57 -> 354.6 | K55: =K57 -> 359.6 | L55: =L57 -> 381.4
A56: Непрограммные расходы в рамках обеспечения деятельности главных распорядителей средств бюджета Паевского сельского поселения Кадошкинского муниципального района Республики Мордовия | B56: 918 | C56: 04 | D56: 09 | E56: 89 | F56: 1 | J56: =J57 -> 354.6 | K56: =K57 -> 359.6 | L56: =L57 -> 381.4
A57: Иные межбюджетные трансферты на осуществление полномочий по дорожной деятельности в отношении автомобильных дорог местного значения в границах населенных пунктов поселения и обеспечению безопасности дорожного движения на них, включая создание и обеспечение функционирования парковок (парковочных мест), осуществлению муниципального контроля за сохранностью автомобильных дорог местного значения в границах населенных пунктов поселения, организации дорожного движения, а также осуществлению иных полномочий в области использования автомобильных дорог и осуществления дорожной деятельности в соответствии с законодательством Российской Федерации | B57: 918 | C57: 04 | D57: 09 | E57: 89 | F57: 1 | G57: 00 | H57: 44102 | J57: =J58 -> 354.6 | K57: =K58 -> 359.6 | L57: =L58 -> 381.4
A58: Закупка товаров, работ и услуг для обеспечения государственных (муниципальных) нужд | B58: 918 | C58: 04 | D58: 09 | E58: 89 | F58: 1 | G58: 00 | H58: 44102 | I58: 200 | J58: =J59 -> 354.6 | K58: =K59 -> 359.6 | L58: =L59 -> 381.4
A59: Иные закупки товаров, работ и услуг для обеспечения государственных (муниципальных) нужд | B59: 918 | C59: 04 | D59: 09 | E59: 89 | F59: 1 | G59: 00 | H59: 44102 | I59: 240 | J59: 354.6 | K59: 359.6 | L59: 381.4
A60: Жилищно-коммунальное хозяйство | B60: 918 | C60: 05 | J60: =J61+J67 -> 65.8 | K60: =K61+K67 -> 30.4 | L60: =L61+L67 -> 30.4
A61: Коммунальное хозяйство | B61: 918 | C61: 05 | D61: 02 | J61: =J62 -> 25.4 | K61: =K62 -> 25.4 | L61: =L62 -> 25.4
A62: Непрограммные расходы главных распорядителей средств бюджета Паевского сельского поселения Кадошкинского муниципального района Республики Мордовия | B62: 918 | C62: 05 | D62: 02 | E62: 89 | J62: =J63 -> 25.4 | K62: =K63 -> 25.4 | L62: =L63 -> 25.4
A63: Непрограммные расходы в рамках обеспечения деятельности главных распорядителей средств бюджета Паевского сельского поселения Кадошкинского муниципального района Республики Мордовия | B63: 918 | C63: 05 | D63: 02 | E63: 89 | F63: 1 | J63: =J64 -> 25.4 | K63: =K64 -> 25.4 | L63: =L64 -> 25.4
A64: Иные межбюджетные трансферты на осуществление полномочий по организации в границах поселения электро-, тепло-, газо- и водоснабжения населения, водоотведения, снабжения населения топливом в пределах полномочий, установленных законодательством Российской Федерации | B64: 918 | C64: 05 | D64: 02 | E64: 89 | F64: 1 | G64: 00 | H64: 44101 | J64: =J65 -> 25.4 | K64: =K65 -> 25.4 | L64: =L65 -> 25.4
A65: Закупка товаров, работ и услуг для обеспечения государственных (муниципальных) нужд | B65: 918 | C65: 05 | D65: 02 | E65: 89 | F65: 1 | G65: 00 | H65: 44101 | I65: 200 | J65: =J66 -> 25.4 | K65: =K66 -> 25.4 | L65: =L66 -> 25.4
A66: Иные закупки товаров, работ и услуг для обеспечения государственных (муниципальных) нужд | B66: 918 | C66: 05 | D66: 02 | E66: 89 | F66: 1 | G66: 00 | H66: 44101 | I66: 240 | J66: 25.4 | K66: 25.4 | L66: 25.4
A67: Благоустройство | B67: 918 | C67: 05 | D67: 03 | J67: =J68 -> 40.4 | K67: =K68 -> 5 | L67: =L68 -> 5
A68: Непрограммные расходы главных распорядителей средств бюджета Паевского сельского поселения Кадошкинского муниципального района Республики Мордовия | B68: 918 | C68: 05 | D68: 03 | E68: 89 | J68: =J69 -> 40.4 | K68: =K69 -> 5 | L68: =L69 -> 5
A69: Непрограммные расходы в рамках обеспечения деятельности главных распорядителей средств бюджета Паевского сельского поселения Кадошкинского муниципального района Республики Мордовия | B69: 918 | C69: 05 | D69: 03 | E69: 89 | F69: 1 | J69: =J70+J73 -> 40.4 | K69: =K70+K73 -> 5 | L69: =L70+L73 -> 5
A70: Уличное освещение | B70: 918 | C70: 05 | D70: 03 | E70: 89 | F70: 1 | G70: 00 | H70: 43010 | J70: =J71 -> 30.2 | K70: =K71 -> 3 | L70: =L71 -> 3
A71: Закупка товаров, работ и услуг для обеспечения государственных (муниципальных) нужд | B71: 918 | C71: 05 | D71: 03 | E71: 89 | F71: 1 | G71: 00 | H71: 43010 | I71: 200 | J71: =J72 -> 30.2 | K71: =K72 -> 3 | L71: =L72 -> 3
A72: Иные закупки товаров, работ и услуг для обеспечения государственных (муниципальных) нужд | B72: 918 | C72: 05 | D72: 03 | E72: 89 | F72: 1 | G72: 00 | H72: 43010 | I72: 240 | J72: 30.2 | K72: 3 | L72: 3
A73: Прочие мероприятия по благоустройству | B73: 918 | C73: 05 | D73: 03 | E73: 89 | F73: 1 | G73: 00 | H73: 43040 | J73: =J74 -> 10.2 | K73: =K74 -> 2 | L73: =L74 -> 2
A74: Закупка товаров, работ и услуг для обеспечения государственных (муниципальных) нужд | B74: 918 | C74: 05 | D74: 03 | E74: 89 | F74: 1 | G74: 00 | H74: 43040 | I74: 200 | J74: =J75 -> 10.2 | K74: =K75 -> 2 | L74: =L75 -> 2
A75: Иные закупки товаров, работ и услуг для обеспечения государственных (муниципальных) нужд | B75: 918 | C75: 05 | D75: 03 | E75: 89 | F75: 1 | G75: 00 | H75: 43040 | I75: 240 | J75: 10.2 | K75: =2 -> 2 | L75: =2 -> 2
A76: Социальная политика | B76: 918 | C76: 10 | J76: =J77 -> 71.2 | K76: =K77 -> 51.9 | L76: =L77 -> 27.2
A77: Пенсионное обеспечение | B77: 918 | C77: 10 | D77: 01 | J77: =J78 -> 71.2 | K77: =K78 -> 51.9 | L77: =L78 -> 27.2
A78: Непрограммные расходы главных распорядителей средств бюджета Паевского сельского поселения Кадошкинского муниципального района Республики Мордовия | B78: 918 | C78: 10 | D78: 01 | E78: 89 | J78: =J79 -> 71.2 | K78: =K79 -> 51.9 | L78: =L79 -> 27.2
A79: Непрограммные расходы в рамках обеспечения деятельности главных распорядителей средств бюджета Паевского сельского поселения Кадошкинского муниципального района Республики Мордовия | B79: 918 | C79: 10 | D79: 01 | E79: 89 | F79: 1 | J79: =J80 -> 71.2 | K79: =K80 -> 51.9 | L79: =L80 -> 27.2
A80: Доплаты к пенсиям муниципальных служащих Республики Мордовия | B80: 918 | C80: 10 | D80: 01 | E80: 89 | F80: 1 | G80: 00 | H80: 03010 | J80: =J81 -> 71.2 | K80: =K81 -> 51.9 | L80: =L81 -> 27.2
A81: Социальное обеспечение и иные выплаты населению | B81: 918 | C81: 10 | D81: 01 | E81: 89 | F81: 1 | G81: 00 | H81: 03010 | I81: 300 | J81: =J82 -> 71.2 | K81: =K82 -> 51.9 | L81: =L82 -> 27.2
A82: Публичные нормативные социальные выплаты гражданам | B82: 918 | C82: 10 | D82: 01 | E82: 89 | F82: 1 | G82: 00 | H82: 03010 | I82: 310 | J82: 71.2 | K82: =73.8-K96 -> 51.9 | L82: =73.8-L96 -> 27.2
A83: Обслуживание государственного и муниципального долга | B83: 918 | C83: 13 | J83: =J84 -> 1.7 | K83: =K84 -> 1.7 | L83: =L84 -> 1.7
A84: Обслуживание государственного внутреннего и муниципального долга | B84: 918 | C84: 13 | D84: 01 | J84: =J85 -> 1.7 | K84: =K85 -> 1.7 | L84: =L85 -> 1.7
A85: Непрограммные расходы главных распорядителей средств бюджета Паевского сельского поселения Кадошкинского муниципального района Республики Мордовия | B85: 918 | C85: 13 | D85: 01 | E85: 89 | J85: =J86 -> 1.7 | K85: =K86 -> 1.7 | L85: =L86 -> 1.7
A86: Непрограммные расходы в рамках обеспечения деятельности главных распорядителей средств бюджета Паевского сельского поселения Кадошкинского муниципального района Республики Мордовия | B86: 918 | C86: 13 | D86: 01 | E86: 89 | F86: 1 | J86: =J87 -> 1.7 | K86: =K87 -> 1.7 | L86: =L87 -> 1.7
A87: Процентные платежи по муниципальному долгу | B87: 918 | C87: 13 | D87: 01 | E87: 89 | F87: 1 | G87: 00 | H87: 41240 | J87: =J88 -> 1.7 | K87: =K88 -> 1.7 | L87: =L88 -> 1.7
A88: Обслуживание государственного (муниципального) долга | B88: 918 | C88: 13 | D88: 01 | E88: 89 | F88: 1 | G88: 00 | H88: 41240 | I88: 700 | J88: =J89 -> 1.7 | K88: =K89 -> 1.7 | L88: =L89 -> 1.7
A89: Обслуживание муниципального долга | B89: 918 | C89: 13 | D89: 01 | E89: 89 | F89: 1 | G89: 00 | H89: 41240 | I89: 730 | J89: 1.7 | K89: 1.7 | L89: 1.7
A90: Условно утверждаемые расходы | B90: 918 | C90: 99 | K90: =K91 -> 21.9 | L90: =L91 -> 46.6
A91: Условно утверждаемые расходы | B91: 918 | C91: 99 | D91: 99 | K91: =K92 -> 21.9 | L91: =L92 -> 46.6
A92: Непрограммные расходы главных распорядителей средств бюджета Паевского сельского поселения Кадошкинского муниципального района Республики Мордовия | B92: 918 | C92: 99 | D92: 99 | E92: 89 | F92: 0 | K92: =K93 -> 21.9 | L92: =L93 -> 46.6
A93: Непрограммные расходы в рамках обеспечения деятельности главных распорядителей средств бюджета Паевского сельского поселения Кадошкинского муниципального района Республики Мордовия | B93: 918 | C93: 99 | D93: 99 | E93: 89 | F93: 1 | K93: =K94 -> 21.9 | L93: =L94 -> 46.6
A94: Условно утверждаемые расходы | B94: 918 | C94: 99 | D94: 99 | E94: 89 | F94: 1 | G94: 00 | H94: 41990 | K94: =K96 -> 21.9 | L94: =L96 -> 46.6
A95: Иные бюджетные ассигнования | B95: 918 | C95: 99 | D95: 99 | E95: 89 | F95: 1 | G95: 00 | H95: 41990 | I95: 800 | K95: =K96 -> 21.9 | L95: =L96 -> 46.6
A96: Резервные средства | B96: 918 | C96: 99 | D96: 99 | E96: 89 | F96: 1 | G96: 00 | H96: 41990 | I96: 870 | K96: 21.9 | L96: 46.6

Sheet Прил 5 
I1: Приложение 5 к решению Совета депутатов Паевского сельского поселения "О бюджете Паевского сельского поселения Кадошкинского муниципального района Республики Мордовия на 2022 год и на плановый период 2023 и 2024 годов"
A2: РАСПРЕДЕЛЕНИЕ БЮДЖЕТНЫХ АССИГНОВАНИЙ БЮДЖЕТА ПАЕВСКОГО СЕЛЬСКОГО ПОСЕЛЕНИЯ КАДОШКИНСКОГО МУНИЦИПАЛЬНОГО РАЙОНА РЕСПУБЛИКИ МОРДОВИЯ ПО РАЗДЕЛАМ, ПОДРАЗДЕЛАМ, ЦЕЛЕВЫМ СТАТЬЯМ (МУНИЦИПАЛЬНЫМ ПРОГРАММАМ И НЕПРОГРАММНЫМ НАПРАВЛЕНИЯМ ДЕЯТЕЛЬНОСТИ), ГРУППАМ И ПОДГРУППАМ ВИДОВ РАСХОДОВ КЛАССИФИКАЦИИ РАСХОДОВ БЮДЖЕТОВ НА 2022 ГОД И НА ПЛАНОВЫЙ ПЕРИОД 2023 И 2024 ГОДОВ
K3: (тыс. рублей)
A4: Наименование | B4: Рз | C4: Прз | D4: Цср | H4: Вр | I4: Сумма
I5: 2022 год | J5: 2023 год | K5: 2024 год
A6: 1 | B6: 2 | C6: 3 | D6: 4 | E6: 5 | F6: 6 | G6: 7 | H6: 8 | I6: 9 | J6: 10 | K6: 11
A7: ВСЕГО | I7: =I8+I43+I52+I59+I75+I82 -> 1272.64 | J7: =J8+J43+J52+J59+J75+J82+J93 -> 964.7 | K7: =K8+K43+K52+K59+K75+K82+K93 -> 1022.4
A8: Общегосударственные вопросы | B8: 01 | I8: =I9+I18+I37 -> 691.94 | J8: =J9+J18+J37 -> 409.1 | K8: =K9+K18+K37 -> 445
A9: Функционирование высшего должностного лица субъекта Российской Федерации и муниципального образования | B9: 01 | C9: 02 | I9: =I10 -> 223.24 | J9: =J10 -> 134.5 | K9: =K10 -> 134.3
A10: Обеспечение деятельности администрации | B10: 01 | C10: 02 | D10: 65 | I10: =I11 -> 223.24 | J10: =J11 -> 134.5 | K10: =K11 -> 134.3
A11: Высшее должностное лицо | B11: 01 | C11: 02 | D11: 65 | E11: 1 | I11: =I12+I15 -> 223.24 | J11: =J12+J15 -> 134.5 | K11: =K12+K15 -> 134.3
A12: Расходы на выплаты по оплате труда высшего должностного лица | B12: 01 | C12: 02 | D12: 65 | E12: 1 | F12: 00 | G12: 41150 | I12: =I13 -> 223.24 | J12: =J13 -> 134.5 | K12: =K13 -> 134.3
A13: Расходы на выплаты персоналу в целях обеспечения выполнения функций государственными (муниципальными) органами, казенными учреждениями, органами управления государственными внебюджетными фондами | B13: 01 | C13: 02 | D13: 65 | E13: 1 | F13: 00 | G13: 41150 | H13: 100 | I13: =I14 -> 223.24 | J13: =J14 -> 134.5 | K13: =K14 -> 134.3
A14: Расходы на выплаты персоналу государственных (муниципальных) органов | B14: 01 | C14: 02 | D14: 65 | E14: 1 | F14: 00 | G14: 41150 | H14: 120 | I14: ='Прил 4'!J15 -> 223.24 | J14: ='Прил 4'!K15 -> 134.5 | K14: ='Прил 4'!L15 -> 134.3
A15: Субсидии на софинансирование расходных обязательств по финансовому обеспечению деятельности органов местного самоуправления и муниципальных учреждений | B15: 01 | C15: 02 | D15: 65 | E15: 1 | F15: 00 | G15: 44205 | I15: =I16 -> 0 | J15: =J16 -> 0 | K15: =K16 -> 0
A16: Расходы на выплаты персоналу в целях обеспечения выполнения функций государственными (муниципальными) органами, казенными учреждениями, органами управления государственными внебюджетными фондами | B16: 01 | C16: 02 | D16: 65 | E16: 1 | F16: 00 | G16: 44205 | H16: 100 | I16: =I17 -> 0 | J16: =J17 -> 0 | K16: =K17 -> 0
A17: Расходы на выплаты персоналу государственных (муниципальных) органов | B17: 01 | C17: 02 | D17: 65 | E17: 1 | F17: 00 | G17: 44205 | H17: 120 | I17: ='Прил 4'!J18 -> 0 | J17: ='Прил 4'!K18 -> 0 | K17: ='Прил 4'!L18 -> 0
A18: Функционирование Правительства Российской Федерации, высших органов исполнительной власти субъектов Российской Федерации, местных администраций | B18: 01 | C18: 04 | I18: =I19+I32 -> 467.7 | J18: =J19+J32 -> 273.6 | K18: =K19+K32 -> 309.7
A19: Обеспечение деятельности администрации | B19: 01 | C19: 04 | D19: 65 | I19: =I20 -> 467.6 | J19: =J20 -> 273.5 | K19: =K20 -> 309.6
A20: Непрограммные расходы в рамках обеспечения деятельности администрации | B20: 01 | C20: 04 | D20: 65 | E20: 2 | I20: =I21+I24+I29 -> 467.6 | J20: =J21+J24+J29 -> 273.5 | K20: =K21+K24+K29 -> 309.6
A21: Расходы на выплаты по оплате труда работников органов местного самоуправления | B21: 01 | C21: 04 | D21: 65 | E21: 2 | F21: 00 | G21: 41110 | I21: =I22 -> 425.3 | J21: =J22 -> 234.4 | K21: =K22 -> 213.6
A22: Расходы на выплаты персоналу в целях обеспечения выполнения функций государственными (муниципальными) органами, казенными учреждениями, органами управления государственными внебюджетными фондами | B22: 01 | C22: 04 | D22: 65 | E22: 2 | F22: 00 | G22: 41110 | H22: 100 | I22: =I23 -> 425.3 | J22: =J23 -> 234.4 | K22: =K23 -> 213.6
A23: Расходы на выплаты персоналу государственных (муниципальных) органов | B23: 01 | C23: 04 | D23: 65 | E23: 2 | F23: 00 | G23: 41110 | H23: 120 | I23: ='Прил 4'!J24 -> 425.3 | J23: ='Прил 4'!K24 -> 234.4 | K23: ='Прил 4'!L24 -> 213.6
A24: Расходы на обеспечение функций органов местного самоуправления | B24: 01 | C24: 04 | D24: 65 | E24: 2 | F24: 00 | G24: 41120 | I24: =I25+I27 -> 42.3 | J24: =J25+J27 -> 39.1 | K24: =K25+K27 -> 96
A25: Закупка товаров, работ и услуг для обеспечения государственных (муниципальных) нужд | B25: 01 | C25: 04 | D25: 65 | E25: 2 | F25: 00 | G25: 41120 | H25: 200 | I25: =I26 -> 31.7 | J25: =J26 -> 13.3 | K25: =K26 -> 70.2
A26: Иные закупки товаров, работ и услуг для обеспечения государственных (муниципальных) нужд | B26: 01 | C26: 04 | D26: 65 | E26: 2 | F26: 00 | G26: 41120 | H26: 240 | I26: ='Прил 4'!J27 -> 31.7 | J26: ='Прил 4'!K27 -> 13.3 | K26: ='Прил 4'!L27 -> 70.2
A27: Иные бюджетные ассигнования | B27: 01 | C27: 04 | D27: 66 | E27: 2 | F27: 00 | G27: 41120 | H27: 800 | I27: =I28 -> 10.6 | J27: =J28 -> 25.8 | K27: =K28 -> 25.8
A28: Уплата налогов, сборов и иных платежей | B28: 01 | C28: 04 | D28: 66 | E28: 2 | F28: 00 | G28: 41120 | H28: 850 | I28: ='Прил 4'!J29 -> 10.6 | J28: ='Прил 4'!K29 -> 25.8 | K28: ='Прил 4'!L29 -> 25.8
A29: Субсидии на софинансирование расходных обязательств по финансовому обеспечению деятельности органов местного самоуправления и муниципальных учреждений | B29: 01 | C29: 04 | D29: 65 | E29: 2 | F29: 00 | G29: 44205 | I29: =I30 -> 0 | J29: =J30 -> 0 | K29: =K30 -> 0
A30: Расходы на выплаты персоналу в целях обеспечения выполнения функций государственными (муниципальными) органами, казенными учреждениями, органами управления государственными внебюджетными фондами | B30: 01 | C30: 04 | D30: 65 | E30: 2 | F30: 00 | G30: 44205 | H30: 100 | I30: =I31 -> 0 | J30: =J31 -> 0 | K30: =K31 -> 0
A31: Расходы на выплаты персоналу государственных (муниципальных) органов | B31: 01 | C31: 04 | D31: 65 | E31: 2 | F31: 00 | G31: 44205 | H31: 120 | I31: ='Прил 4'!J32 -> 0 | J31: ='Прил 4'!K32 -> 0 | K31: ='Прил 4'!L32 -> 0
A32: Непрограммные расходы главных распорядителей средств бюджета Паевского сельского поселения Кадошкинского муниципального района Республики Мордовия | B32: 01 | C32: 04 | D32: 89 | I32: =I33 -> 0.1 | J32: =J33 -> 0.1 | K32: =K33 -> 0.1
A33: Непрограммные расходы в рамках обеспечения деятельности главных распорядителей средств бюджета Паевского сельского поселения Кадошкинского муниципального района Республики Мордовия | B33: 01 | C33: 04 | D33: 89 | E33: 1 | I33: =I34 -> 0.1 | J33: =J34 -> 0.1 | K33: =K34 -> 0.1
A34: Осуществление государственных полномочий Республики Мордовия по определению перечня должностных лиц, уполномоченных составлять протоколы об административных правонарушениях, предусмотренных Законом Республики Мордовия от 15 июня 2015 года № 38-З "Об административной ответственности на территории Республики Мордовия" | B34: 01 | C34: 04 | D34: 89 | E34: 1 | F34: 00 | G34: 77150 | I34: =I35 -> 0.1 | J34: =J35 -> 0.1 | K34: =K35 -> 0.1
A35: Закупка товаров, работ и услуг для обеспечения государственных (муниципальных) нужд | B35: 01 | C35: 04 | D35: 89 | E35: 1 | F35: 00 | G35: 77150 | H35: 200 | I35: =I36 -> 0.1 | J35: =J36 -> 0.1 | K35: =K36 -> 0.1
A36: Иные закупки товаров, работ и услуг для обеспечения государственных (муниципальных) нужд | B36: 01 | C36: 04 | D36: 89 | E36: 1 | F36: 00 | G36: 77150 | H36: 240 | I36: ='Прил 4'!J37 -> 0.1 | J36: ='Прил 4'!K37 -> 0.1 | K36: ='Прил 4'!L37 -> 0.1
A37: Резервные фонды | B37: 01 | C37: 11 | I37: =I38 -> 1 | J37: =J38 -> 1 | K37: =K38 -> 1
A38: Непрограммные расходы главных распорядителей средств бюджета Паевского сельского поселения Кадошкинского муниципального района Республики Мордовия | B38: 01 | C38: 11 | D38: 89 | I38: =I39 -> 1 | J38: =J39 -> 1 | K38: =K39 -> 1
A39: Непрограммные расходы в рамках обеспечения деятельности главных распорядителей средств бюджета Паевского сельского поселения Кадошкинского муниципального района Республики Мордовия | B39: 01 | C39: 11 | D39: 89 | E39: 1 | I39: =I40 -> 1 | J39: =J40 -> 1 | K39: =K40 -> 1
A40: Резервный фонд администрации Паевского сельского поселения Кадошкинского муниципального района Республики Мордовия | B40: 01 | C40: 11 | D40: 89 | E40: 1 | F40: 00 | G40: 41180 | I40: =I41 -> 1 | J40: =J41 -> 1 | K40: =K41 -> 1
A41: Иные бюджетные ассигнования | B41: 01 | C41: 11 | D41: 89 | E41: 1 | F41: 00 | G41: 41180 | H41: 800 | I41: =I42 -> 1 | J41: =J42 -> 1 | K41: =K42 -> 1
A42: Резервные средства | B42: 01 | C42: 11 | D42: 89 | E42: 1 | F42: 00 | G42: 41180 | H42: 870 | I42: ='Прил 4'!J43 -> 1 | J42: ='Прил 4'!K43 -> 1 | K42: ='Прил 4'!L43 -> 1
A43: Национальная оборона | B43: 02 | I43: =I44 -> 87.4 | J43: =J44 -> 90.1 | K43: =K44 -> 90.1
A44: Мобилизационная и вневойсковая подготовка | B44: 02 | C44: 03 | I44: =I45 -> 87.4 | J44: =J45 -> 90.1 | K44: =K45 -> 90.1
A45: Непрограммные расходы главных распорядителей средств бюджета Паевского сельского поселения Кадошкинского муниципального района Республики Мордовия | B45: 02 | C45: 03 | D45: 89 | I45: =I46 -> 87.4 | J45: =J46 -> 90.1 | K45: =K46 -> 90.1
A46: Непрограммные расходы в рамках обеспечения деятельности главных распорядителей средств бюджета Паевского сельского поселения Кадошкинского муниципального района Республики Мордовия | B46: 02 | C46: 03 | D46: 89 | E46: 1 | I46: =I47 -> 87.4 | J46: =J47 -> 90.1 | K46: =K47 -> 90.1
A47: Осуществление государственных полномочий Российской Федерации о первичному воинскому учету на территориях, где отсутствуют военные комиссариаты | B47: 02 | C47: 03 | D47: 89 | E47: 1 | F47: 00 | G47: 51180 | I47: =I48+I50 -> 87.4 | J47: =J48+J50 -> 90.1 | K47: =K48+K50 -> 90.1
A48: Расходы на выплаты персоналу в целях обеспечения выполнения функций государственными (муниципальными) органами, казенными учреждениями, органами управления государственными внебюджетными фондами | B48: 02 | C48: 03 | D48: 89 | E48: 1 | F48: 00 | G48: 51180 | H48: 100 | I48: =I49 -> 83.4 | J48: =J49 -> 86.1 | K48: =K49 -> 86.1
A49: Расходы на выплаты персоналу государственных (муниципальных) органов | B49: 02 | C49: 03 | D49: 89 | E49: 1 | F49: 00 | G49: 51180 | H49: 120 | I49: ='Прил 4'!J50 -> 83.4 | J49: ='Прил 4'!K50 -> 86.1 | K49: ='Прил 4'!L50 -> 86.1
A50: Закупка товаров, работ и услуг для обеспечения государственных (муниципальных) нужд | B50: 02 | C50: 03 | D50: 89 | E50: 1 | F50: 00 | G50: 51180 | H50: 200 | I50: =I51 -> 4 | J50: =J51 -> 4 | K50: =K51 -> 4
A51: Иные закупки товаров, работ и услуг для обеспечения государственных (муниципальных) нужд | B51: 02 | C51: 03 | D51: 89 | E51: 1 | F51: 00 | G51: 51180 | H51: 240 | I51: ='Прил 4'!J52 -> 4 | J51: ='Прил 4'!K52 -> 4 | K51: ='Прил 4'!L52 -> 4
A52: Национальная экономика | B52: 04 | I52: =I53 -> 354.6 | J52: =J53 -> 359.6 | K52: =K53 -> 381.4
A53: Дорожное хозяйство (дорожные фонды) | B53: 04 | C53: 09 | I53: =I54 -> 354.6 | J53: =J54 -> 359.6 | K53: =K54 -> 381.4
A54: Непрограммные расходы главных распорядителей средств бюджета Паевского сельского поселения Кадошкинского муниципального района Республики Мордовия | B54: 04 | C54: 09 | D54: 89 | E54: 0 | I54: =I55 -> 354.6 | J54: =J56 -> 359.6 | K54: =K56 -> 381.4
A55: Непрограммные расходы в рамках обеспечения деятельности главных распорядителей средств бюджета Паевского сельского поселения Кадошкинского муниципального района Республики Мордовия | B55: 04 | C55: 09 | D55: 89 | E55: 1 | I55: =I56 -> 354.6 | J55: =J56 -> 359.6 | K55: =K56 -> 381.4
A56: Иные межбюджетные трансферты на осуществление полномочий по дорожной деятельности в отношении автомобильных дорог местного значения в границах населенных пунктов поселения и обеспечению безопасности дорожного движения на них, включая создание и обеспечение функционирования парковок (парковочных мест), осуществлению муниципального контроля за сохранностью автомобильных дорог местного значения в границах населенных пунктов поселения, организации дорожного движения, а также осуществлению иных полномочий в области использования автомобильных дорог и осуществления дорожной деятельности в соответствии с законодательством Российской Федерации | B56: 04 | C56: 09 | D56: 89 | E56: 1 | F56: 00 | G56: 44102 | I56: =I57 -> 354.6 | J56: =J57 -> 359.6 | K56: =K57 -> 381.4
A57: Закупка товаров, работ и услуг для обеспечения государственных (муниципальных) нужд | B57: 04 | C57: 09 | D57: 89 | E57: 1 | F57: 00 | G57: 44102 | H57: 200 | I57: =I58 -> 354.6 | J57: =J58 -> 359.6 | K57: =K58 -> 381.4
A58: Иные закупки товаров, работ и услуг для обеспечения государственных (муниципальных) нужд | B58: 04 | C58: 09 | D58: 89 | E58: 1 | F58: 00 | G58: 44102 | H58: 240 | I58: ='Прил 4'!J59 -> 354.6 | J58: ='Прил 4'!K59 -> 359.6 | K58: ='Прил 4'!L59 -> 381.4
A59: Жилищно-коммунальное хозяйство | B59: 05 | I59: =I60+I66 -> 65.8 | J59: =J60+J66 -> 30.4 | K59: =K60+K66 -> 30.4
A60: Коммунальное хозяйство | B60: 05 | C60: 02 | I60: =I61 -> 25.4 | J60: =J61 -> 25.4 | K60: =K61 -> 25.4
A61: Непрограммные расходы главных распорядителей средств бюджета Паевского сельского поселения Кадошкинского муниципального района Республики Мордовия | B61: 918 | C61: 05 | D61: 02 | E61: 89 | F61: 0 | I61: =I62 -> 25.4 | J61: =J62 -> 25.4 | K61: =K62 -> 25.4
A62: Непрограммные расходы в рамках обеспечения деятельности главных распорядителей средств бюджета Паевского сельского поселения Кадошкинского муниципального района Республики Мордовия | B62: 918 | C62: 05 | D62: 02 | E62: 89 | F62: 1 | I62: =I63 -> 25.4 | J62: =J63 -> 25.4 | K62: =K63 -> 25.4
A63: Иные межбюджетные трансферты на осуществление полномочий по организации в границах поселения электро-, тепло-, газо- и водоснабжения населения, водоотведения, снабжения населения топливом в пределах полномочий, установленных законодательством Российской Федерации | B63: 05 | C63: 02 | D63: 89 | E63: 1 | F63: 00 | G63: 44101 | I63: =I64 -> 25.4 | J63: =J64 -> 25.4 | K63: =K64 -> 25.4
A64: Закупка товаров, работ и услуг для обеспечения государственных (муниципальных) нужд | B64: 05 | C64: 02 | D64: 89 | E64: 1 | F64: 00 | G64: 44101 | H64: 200 | I64: =I65 -> 25.4 | J64: =J65 -> 25.4 | K64: =K65 -> 25.4
A65: Иные закупки товаров, работ и услуг для обеспечения государственных (муниципальных) нужд | B65: 05 | C65: 02 | D65: 89 | E65: 1 | F65: 00 | G65: 44101 | H65: 240 | I65: ='Прил 4'!J66 -> 25.4 | J65: ='Прил 4'!K66 -> 25.4 | K65: ='Прил 4'!L66 -> 25.4
A66: Благоустройство | B66: 05 | C66: 03 | I66: =I67 -> 40.4 | J66: =J67 -> 5 | K66: =K67 -> 5
A67: Непрограммные расходы главных распорядителей средств бюджета Паевского сельского поселения Кадошкинского муниципального района Республики Мордовия | B67: 05 | C67: 03 | D67: 89 | E67: 0 | I67: =I68 -> 40.4 | J67: =J68 -> 5 | K67: =K68 -> 5
A68: Непрограммные расходы в рамках обеспечения деятельности главных распорядителей средств бюджета Паевского сельского поселения Кадошкинского муниципального района Республики Мордовия | B68: 05 | C68: 03 | D68: 89 | E68: 1 | I68: =I69+I72 -> 40.4 | J68: =J69+J72 -> 5 | K68: =K69+K72 -> 5
A69: Уличное освещение | B69: 05 | C69: 03 | D69: 89 | E69: 1 | F69: 00 | G69: 43010 | I69: =I70 -> 30.2 | J69: =J70 -> 3 | K69: =K70 -> 3
A70: Закупка товаров, работ и услуг для обеспечения государственных (муниципальных) нужд | B70: 05 | C70: 03 | D70: 89 | E70: 1 | F70: 00 | G70: 43010 | H70: 200 | I70: =I71 -> 30.2 | J70: =J71 -> 3 | K70: =K71 -> 3
A71: Иные закупки товаров, работ и услуг для обеспечения государственных (муниципальных) нужд | B71: 05 | C71: 03 | D71: 89 | E71: 1 | F71: 00 | G71: 43010 | H71: 240 | I71: ='Прил 4'!J72 -> 30.2 | J71: ='Прил 4'!K72 -> 3 | K71: ='Прил 4'!L72 -> 3
A72: Прочие мероприятия по благоустройству | B72: 05 | C72: 03 | D72: 89 | E72: 1 | F72: 00 | G72: 43040 | I72: =I73 -> 10.2 | J72: =J73 -> 2 | K72: =K73 -> 2
A73: Закупка товаров, работ и услуг для обеспечения государственных (муниципальных) нужд | B73: 05 | C73: 03 | D73: 89 | E73: 1 | F73: 00 | G73: 43040 | H73: 200 | I73: =I74 -> 10.2 | J73: =J74 -> 2 | K73: =K74 -> 2
A74: Иные закупки товаров, работ и услуг для обеспечения государственных (муниципальных) нужд | B74: 05 | C74: 03 | D74: 89 | E74: 1 | F74: 00 | G74: 43040 | H74: 240 | I74: ='Прил 4'!J75 -> 10.2 | J74: ='Прил 4'!K75 -> 2 | K74: ='Прил 4'!L75 -> 2
A75: Социальная политика | B75: 10 | I75: =I76 -> 71.2 | J75: =J76 -> 51.9 | K75: =K76 -> 27.2
A76: Пенсионное обеспечение | B76: 10 | C76: 01 | I76: =I77 -> 71.2 | J76: =J77 -> 51.9 | K76: =K77 -> 27.2
A77: Непрограммные расходы главных распорядителей средств бюджета Паевского сельского поселения Кадошкинского муниципального района Республики Мордовия | B77: 10 | C77: 01 | D77: 89 | E77: 0 | I77: =I78 -> 71.2 | J77: =J78 -> 51.9 | K77: =K78 -> 27.2
A78: Непрограммные расходы в рамках обеспечения деятельности главных распорядителей средств бюджета Паевского сельского поселения Кадошкинского муниципального района Республики Мордовия | B78: 10 | C78: 01 | D78: 89 | E78: 1 | I78: =I79 -> 71.2 | J78: =J79 -> 51.9 | K78: =K79 -> 27.2
A79: Доплаты к пенсиям муниципальных служащих Республики Мордовия | B79: 10 | C79: 01 | D79: 89 | E79: 1 | F79: 00 | G79: 03010 | I79: =I80 -> 71.2 | J79: =J80 -> 51.9 | K79: =K80 -> 27.2
A80: Социальное обеспечение и иные выплаты населению | B80: 10 | C80: 01 | D80: 89 | E80: 1 | F80: 00 | G80: 03010 | H80: 300 | I80: =I81 -> 71.2 | J80: =J81 -> 51.9 | K80: =K81 -> 27.2
A81: Публичные нормативные социальные выплаты гражданам | B81: 10 | C81: 01 | D81: 89 | E81: 1 | F81: 00 | G81: 03010 | H81: 310 | I81: ='Прил 4'!J82 -> 71.2 | J81: ='Прил 4'!K82 -> 51.9 | K81: ='Прил 4'!L82 -> 27.2
A82: Обслуживание государственного и муниципального долга | B82: 13 | I82: =I83 -> 1.7 | J82: =J83 -> 1.7 | K82: =K83 -> 1.7
A83: Обслуживание государственного внутреннего и муниципального долга | B83: 13 | C83: 01 | I83: =I84 -> 1.7 | J83: =J84 -> 1.7 | K83: =K84 -> 1.7
A84: Непрограммные расходы главных распорядителей средств бюджета Паевского сельского поселения Кадошкинского муниципального района Республики Мордовия | B84: 13 | C84: 01 | D84: 89 | E84: 0 | I84: =I85 -> 1.7 | J84: =J85 -> 1.7 | K84: =K85 -> 1.7
A85: Непрограммные расходы в рамках обеспечения деятельности главных распорядителей средств бюджета Паевского сельского поселения Кадошкинского муниципального района Республики Мордовия | B85: 13 | C85: 01 | D85: 89 | E85: 1 | I85: =I86 -> 1.7 | J85: =J86 -> 1.7 | K85: =K86 -> 1.7
A86: Процентные платежи по муниципальному долгу | B86: 13 | C86: 01 | D86: 89 | E86: 1 | F86: 00 | G86: 41240 | I86: =I87 -> 1.7 | J86: =J87 -> 1.7 | K86: =K87 -> 1.7
A87: Обслуживание государственного (муниципального) долга | B87: 13 | C87: 01 | D87: 89 | E87: 1 | F87: 00 | G87: 41240 | H87: 700 | I87: =I88 -> 1.7 | J87: =J88 -> 1.7 | K87: =K88 -> 1.7
A88: Обслуживание муниципального долга | B88: 13 | C88: 01 | D88: 89 | E88: 1 | F88: 00 | G88: 41240 | H88: 730 | I88: ='Прил 4'!J89 -> 1.7 | J88: ='Прил 4'!K89 -> 1.7 | K88: ='Прил 4'!L89 -> 1.7
A89: Условно утверждаемые расходы | B89: 99 | J89: =J90 -> 21.9 | K89: =K90 -> 46.6
A90: Условно утверждаемые расходы | B90: 99 | C90: 99 | J90: =J91 -> 21.9 | K90: =K91 -> 46.6
A91: Непрограммные расходы главных распорядителей средств бюджета Паевского сельского поселения Кадошкинского муниципального района Республики Мордовия | B91: 99 | C91: 99 | D91: 89 | E91: 0 | J91: =J92 -> 21.9 | K91: =K92 -> 46.6
A92: Непрограммные расходы в рамках обеспечения деятельности главных распорядителей средств бюджета Паевского сельского поселения Кадошкинского муниципального района Республики Мордовия | B92: 99 | C92: 99 | D92: 89 | E92: 1 | J92: =J93 -> 21.9 | K92: =K93 -> 46.6
A93: Условно утверждаемые расходы | B93: 99 | C93: 99 | D93: 89 | E93: 1 | F93: 00 | G93: 41990 | J93: =J95 -> 21.9 | K93: =K95 -> 46.6
A94: Иные бюджетные ассигнования | B94: 99 | C94: 99 | D94: 89 | E94: 1 | F94: 00 | G94: 41990 | H94: 800 | J94: =J95 -> 21.9 | K94: =K95 -> 46.6
A95: Резервные средства | B95: 99 | C95: 99 | D95: 89 | E95: 1 | F95: 00 | G95: 41990 | H95: 870 | J95: ='Прил 4'!K96 -> 21.9 | K95: ='Прил 4'!L96 -> 46.6

Sheet Прил 6
J1: Приложение 6 к решению Совета депутатов Паевского сельского поселения "О бюджете Паевского сельского поселения Кадошкинского муниципального района Республики Мордовия на 2022 год и на плановый период 2023 и 2024 годов"
A2: РАСПРЕДЕЛЕНИЕ БЮДЖЕТНЫХ АССИГНОВАНИЙ БЮДЖЕТА ПАЕВСКОГО СЕЛЬСКОГО ПОСЕЛЕНИЯ КАДОШКИНСКОГО МУНИЦИПАЛЬНОГО РАЙОНА РЕСПУБЛИКИ МОРДОВИЯ ПО ЦЕЛЕВЫМ СТАТЬЯМ (МУНИЦИПАЛЬНЫМ ПРОГРАММАМ И НЕПРОГРАММНЫМ НАПРАВЛЕНИЯМ ДЕЯТЕЛЬНОСТИ), ГРУППАМ И ПОДГРУППАМ ВИДОВ РАСХОДОВ, РАЗДЕЛАМ И ПОДРАЗДЕЛАМ КЛАССИФИКАЦИИ РАСХОДОВ БЮДЖЕТОВ НА 2022 ГОД НА ПЛАНОВЫЙ ПЕРИОД 2023 И 2024 ГОДОВ
L3: (тыс. рублей)
A4: Наименование | B4: Цср | F4: ВР | G4: Рз | H4: Прз | I4: Адм | J4: Сумма
J5: 2022 год | K5: 2023 год | L5: 2024 год
A6: 1 | B6: 2 | C6: 3 | D6: 4 | E6: 5 | F6: 6 | G6: 7 | H6: 8 | I6: 9 | J6: 10 | K6: 11 | L6: 12
A7: ВСЕГО | J7: =J8+J46 -> 1272.64 | K7: =K8+K46+K66 -> 964.7 | L7: =L8+L46+L66 -> 1022.4
A8: Обеспечение деятельности администрации | B8: 65 | J8: =J9+J22 -> 690.84 | K8: =K9+K22 -> 408 | L8: =L9+L22 -> 443.9
A9: Высшее должностное лицо | B9: 65 | C9: 1 | J9: =J10+J16 -> 223.24 | K9: =K10+K16 -> 134.5 | L9: =L10+L16 -> 134.3
A10: Расходы на выплаты по оплате труда высшего должностного лица муниципального образования | B10: 65 | C10: 1 | D10: 00 | E10: 41150 | J10: =J13 -> 223.24 | K10: =K13 -> 134.5 | L10: =L13 -> 134.3
A11: Расходы на выплаты персоналу в целях обеспечения выполнения функций государственными (муниципальными) органами, казенными учреждениями, органами управления государственными внебюджетными фондами | B11: 65 | C11: 1 | D11: 00 | E11: 41150 | F11: 100 | J11: =J12 -> 223.24 | K11: =K12 -> 134.5 | L11: =L12 -> 134.3
A12: Расходы на выплаты персоналу государственных (муниципальных) органов | B12: 65 | C12: 1 | D12: 00 | E12: 41150 | F12: 120 | J12: =J13 -> 223.24 | K12: =K13 -> 134.5 | L12: =L13 -> 134.3
A13: Общегосударственные вопросы | B13: 65 | C13: 1 | D13: 00 | E13: 41150 | F13: 120 | G13: 01 | J13: =J14 -> 223.24 | K13: =K14 -> 134.5 | L13: =L14 -> 134.3
A14: Функционирование высшего должностного лица субъекта Российской Федерации и муниципального образования | B14: 65 | C14: 1 | D14: 00 | E14: 41150 | F14: 120 | G14: 01 | H14: 02 | J14: =J15 -> 223.24 | K14: =K15 -> 134.5 | L14: =L15 -> 134.3
A15: Администрация Паевского сельского поселения Кадошкинского муниципального района Республики Мордовия | B15: 65 | C15: 1 | D15: 00 | E15: 41150 | F15: 120 | G15: 01 | H15: 02 | I15: 918 | J15: ='Прил 4'!J15 -> 223.24 | K15: ='Прил 4'!K15 -> 134.5 | L15: ='Прил 4'!L15 -> 134.3
A16: Субсидии на софинансирование расходных обязательств по финансовому обеспечению деятельности органов местного самоуправления и муниципальных учреждений | B16: 65 | C16: 1 | D16: 00 | E16: 44205 | J16: =J17 -> 0 | K16: =K17 -> 0 | L16: =L17 -> 0
A17: Расходы на выплаты персоналу в целях обеспечения выполнения функций государственными (муниципальными) органами, казенными учреждениями, органами управления государственными внебюджетными фондами | B17: 65 | C17: 1 | D17: 00 | E17: 44205 | F17: 100 | J17: =J18 -> 0 | K17: =K18 -> 0 | L17: =L18 -> 0
A18: Расходы на выплаты персоналу государственных (муниципальных) органов | B18: 65 | C18: 1 | D18: 00 | E18: 44205 | F18: 120 | J18: =J19 -> 0 | K18: =K19 -> 0 | L18: =L19 -> 0
A19: Общегосударственные вопросы | B19: 65 | C19: 1 | D19: 00 | E19: 44205 | F19: 120 | G19: 01 | J19: =J20 -> 0 | K19: =K20 -> 0 | L19: =L20 -> 0
A20: Функционирование высшего должностного лица субъекта Российской Федерации и муниципального образования | B20: 65 | C20: 1 | D20: 00 | E20: 44205 | F20: 120 | G20: 01 | H20: 02 | J20: =J21 -> 0 | K20: =K21 -> 0 | L20: =L21 -> 0
A21: Администрация Паевского сельского поселения Кадошкинского муниципального района Республики Мордовия | B21: 65 | C21: 1 | D21: 00 | E21: 44205 | F21: 120 | G21: 01 | H21: 02 | I21: 918 | J21: ='Прил 4'!J18 -> 0 | K21: ='Прил 4'!K18 -> 0 | L21: ='Прил 4'!L18 -> 0
A22: Непрограммные расходы в рамках обеспечения деятельности администрации | B22: 65 | C22: 2 | J22: =J23+J29+J40 -> 467.6 | K22: =K23+K29+K40 -> 273.5 | L22: =L23+L29+L40 -> 309.6
A23: Расходы на выплаты по оплате труда работников органов местного самоуправления | B23: 65 | C23: 2 | D23: 00 | E23: 41110 | J23: =J24 -> 425.3 | K23: =K26 -> 234.4 | L23: =L26 -> 213.6
A24: Расходы на выплаты персоналу в целях обеспечения выполнения функций государственными (муниципальными) органами, казенными учреждениями, органами управления государственными внебюджетными фондами | B24: 65 | C24: 2 | D24: 00 | E24: 41110 | F24: 100 | J24: =J25 -> 425.3 | K24: =K25 -> 234.4 | L24: =L25 -> 213.6
A25: Расходы на выплаты персоналу государственных (муниципальных) органов | B25: 65 | C25: 2 | D25: 00 | E25: 41110 | F25: 120 | J25: =J26 -> 425.3 | K25: =K26 -> 234.4 | L25: =L26 -> 213.6
A26: Общегосударственные вопросы | B26: 65 | C26: 2 | D26: 00 | E26: 41110 | F26: 120 | G26: 01 | J26: =J27 -> 425.3 | K26: =K27 -> 234.4 | L26: =L27 -> 213.6
A27: Функционирование Правительства Российской Федерации, высших органов исполнительной власти субъектов Российской Федерации, местных администраций | B27: 65 | C27: 2 | D27: 00 | E27: 41110 | F27: 120 | G27: 01 | H27: 04 | J27: =J28 -> 425.3 | K27: =K28 -> 234.4 | L27: =L28 -> 213.6
A28: Администрация Паевского сельского поселения Кадошкинского муниципального района Республики Мордовия | B28: 65 | C28: 2 | D28: 00 | E28: 41110 | F28: 120 | G28: 01 | H28: 04 | I28: 918 | J28: ='Прил 4'!J24 -> 425.3 | K28: ='Прил 4'!K24 -> 234.4 | L28: ='Прил 4'!L24 -> 213.6
A29: Расходы на обеспечение функций органов местного самоуправленя | B29: 65 | C29: 2 | D29: 00 | E29: 41120 | J29: =J32+J35 -> 42.3 | K29: =K32+K35 -> 39.1 | L29: =L32+L35 -> 96
A30: Закупка товаров, работ и услуг для обеспечения государственных (муниципальных) нужд | B30: 65 | C30: 2 | D30: 00 | E30: 41120 | F30: 200 | J30: =J31 -> 31.7 | K30: =K31 -> 13.3 | L30: =L31 -> 70.2
A31: Иные закупки товаров, работ и услуг для обеспечения государственных (муниципальных) нужд | B31: 65 | C31: 2 | D31: 00 | E31: 41120 | F31: 240 | J31: =J32 -> 31.7 | K31: =K32 -> 13.3 | L31: =L32 -> 70.2
A32: Общегосударственные вопросы | B32: 65 | C32: 2 | D32: 00 | E32: 41120 | F32: 240 | G32: 01 | J32: =J33 -> 31.7 | K32: =K33 -> 13.3 | L32: =L33 -> 70.2
A33: Функционирование Правительства Российской Федерации, высших органов исполнительной власти субъектов Российской Федерации, местных администраций | B33: 65 | C33: 2 | D33: 00 | E33: 41120 | F33: 240 | G33: 01 | H33: 04 | J33: =J34 -> 31.7 | K33: =K34 -> 13.3 | L33: =L34 -> 70.2
A34: Администрация Паевского сельского поселения Кадошкинского муниципального района Республики Мордовия | B34: 65 | C34: 2 | D34: 00 | E34: 41120 | F34: 240 | G34: 01 | H34: 04 | I34: 918 | J34: ='Прил 4'!J26 -> 31.7 | K34: ='Прил 4'!K26 -> 13.3 | L34: ='Прил 4'!L26 -> 70.2
A35: Закупка товаров, работ и услуг для обеспечения государственных (муниципальных) нужд | B35: 65 | C35: 2 | D35: 00 | E35: 41120 | F35: 800 | J35: =J36 -> 10.6 | K35: =K36 -> 25.8 | L35: =L36 -> 25.8
A36: Иные закупки товаров, работ и услуг для обеспечения государственных (муниципальных) нужд | B36: 65 | C36: 2 | D36: 00 | E36: 41120 | F36: 850 | J36: =J37 -> 10.6 | K36: =K37 -> 25.8 | L36: =L37 -> 25.8
A37: Общегосударственные вопросы | B37: 65 | C37: 2 | D37: 00 | E37: 41120 | F37: 850 | G37: 01 | J37: =J38 -> 10.6 | K37: =K38 -> 25.8 | L37: =L38 -> 25.8
A38: Функционирование Правительства Российской Федерации, высших органов исполнительной власти субъектов Российской Федерации, местных администраций | B38: 65 | C38: 2 | D38: 00 | E38: 41120 | F38: 850 | G38: 01 | H38: 04 | J38: =J39 -> 10.6 | K38: =K39 -> 25.8 | L38: =L39 -> 25.8
A39: Администрация Паевского сельского поселения Кадошкинского муниципального района Республики Мордовия | B39: 65 | C39: 2 | D39: 00 | E39: 41120 | F39: 850 | G39: 01 | H39: 04 | I39: 918 | J39: ='Прил 4'!J28 -> 10.6 | K39: ='Прил 4'!K28 -> 25.8 | L39: ='Прил 4'!L28 -> 25.8
A40: Субсидии на софинансирование расходных обязательств по финансовому обеспечению деятельности органов местного самоуправления и муниципальных учреждений | B40: 65 | C40: 2 | D40: 00 | E40: 44205 | J40: =J41 -> 0 | K40: =K41 -> 0 | L40: =L41 -> 0
A41: Расходы на выплаты персоналу в целях обеспечения выполнения функций государственными (муниципальными) органами, казенными учреждениями, органами управления государственными внебюджетными фондами | B41: 65 | C41: 2 | D41: 00 | E41: 44205 | F41: 100 | J41: =J42 -> 0 | K41: =K42 -> 0 | L41: =L42 -> 0
A42: Расходы на выплаты персоналу государственных (муниципальных) органов | B42: 65 | C42: 2 | D42: 00 | E42: 44205 | F42: 120 | J42: =J43 -> 0 | K42: =K43 -> 0 | L42: =L43 -> 0
A43: Общегосударственные вопросы | B43: 65 | C43: 2 | D43: 00 | E43: 44205 | F43: 120 | G43: 01 | J43: =J44 -> 0 | K43: =K44 -> 0 | L43: =L44 -> 0
A44: Функционирование Правительства Российской Федерации, высших органов исполнительной власти субъектов Российской Федерации, местных администраций | B44: 65 | C44: 2 | D44: 00 | E44: 44205 | F44: 120 | G44: 01 | H44: 04 | J44: =J45 -> 0 | K44: =K45 -> 0 | L44: =L45 -> 0
A45: Администрация Паевского сельского поселения Кадошкинского муниципального района Республики Мордовия | B45: 65 | C45: 2 | D45: 00 | E45: 44205 | F45: 120 | G45: 01 | H45: 04 | I45: 918 | J45: ='Прил 4'!J32 -> 0 | K45: ='Прил 4'!K32 -> 0 | L45: ='Прил 4'!L32 -> 0
A46: Непрограммные расходы главных распорядителей средств бюджета Паевского сельского поселения Кадошкинского муниципального района Республики Мордовия | B46: 89 | J46: =J47 -> 581.8 | K46: =K47 -> 534.8 | L46: =L47 -> 531.9
A47: Непрограммные расходы в рамках обеспечения деятельности главных распорядителей средств бюджета Паевского сельского поселения Кадошкинского муниципального района Республики Мордовия | B47: 89 | C47: 1 | J47: =J53+J59+J65+J89+J95+J101+J112+J77+J83+J106 -> 581.8 | K47: =K53+K59+K65+K89+K95+K101+K112+K77+K83+K106 -> 534.8 | L47: =L53+L59+L65+L89+L95+L101+L112+L77+L83+L106 -> 531.9
A48: Доплаты к пенсиям муниципальных служащих | B48: 89 | C48: 1 | D48: 00 | E48: 03010 | J48: =J51 -> 71.2 | K48: =K51 -> 51.9 | L48: =L51 -> 27.2
A49: Социальное обеспечение и иные выплаты населению | B49: 89 | C49: 1 | D49: 00 | E49: 03010 | F49: 300 | J49: =J50 -> 71.2 | K49: =K50 -> 51.9 | L49: =L50 -> 27.2
A50: Публичные нормативные социальные выплаты гражданам | B50: 89 | C50: 1 | D50: 00 | E50: 03010 | F50: 310 | J50: =J51 -> 71.2 | K50: =K51 -> 51.9 | L50: =L51 -> 27.2
A51: Социальная политика | B51: 89 | C51: 1 | D51: 00 | E51: 03010 | F51: 310 | G51: 10 | J51: =J52 -> 71.2 | K51: =K52 -> 51.9 | L51: =L52 -> 27.2
A52: Пенсионное обеспечение | B52: 89 | C52: 1 | D52: 00 | E52: 03010 | F52: 310 | G52: 10 | H52: 01 | J52: =J53 -> 71.2 | K52: =K53 -> 51.9 | L52: =L53 -> 27.2
A53: Администрация Паевского сельского поселения Кадошкинского муниципального района Республики Мордовия | B53: 89 | C53: 1 | D53: 00 | E53: 03010 | F53: 310 | G53: 10 | H53: 01 | I53: 918 | J53: ='Прил 4'!J82 -> 71.2 | K53: ='Прил 4'!K82 -> 51.9 | L53: ='Прил 4'!L82 -> 27.2
A54: Резервный фонд администрации Паевского сельского поселения Кадошкинского муниципального района Республики Мордовия | B54: 89 | C54: 1 | D54: 00 | E54: 41180 | J54: =J57 -> 1 | K54: =K57 -> 1 | L54: =L57 -> 1
A55: Иные бюджетные ассигнования | B55: 89 | C55: 1 | D55: 00 | E55: 41180 | F55: 800 | J55: =J56 -> 1 | K55: =K56 -> 1 | L55: =L56 -> 1
A56: Резервные средства | B56: 89 | C56: 1 | D56: 00 | E56: 41180 | F56: 870 | J56: =J57 -> 1 | K56: =K57 -> 1 | L56: =L57 -> 1
A57: Общегосударственные вопросы | B57: 89 | C57: 1 | D57: 00 | E57: 41180 | F57: 870 | G57: 01 | J57: =J58 -> 1 | K57: =K58 -> 1 | L57: =L58 -> 1
A58: Резервные фонды | B58: 89 | C58: 1 | D58: 00 | E58: 41180 | F58: 870 | G58: 01 | H58: 11 | J58: =J59 -> 1 | K58: =K59 -> 1 | L58: =L59 -> 1
A59: Администрация Паевского сельского поселения Кадошкинского муниципального района Республики Мордовия | B59: 89 | C59: 1 | D59: 00 | E59: 41180 | F59: 870 | G59: 01 | H59: 11 | I59: 918 | J59: ='Прил 4'!J43 -> 1 | K59: ='Прил 4'!K43 -> 1 | L59: ='Прил 4'!L43 -> 1
A60: Процентные платежи по муниципальному долгу | B60: 89 | C60: 1 | D60: 00 | E60: 41240 | J60: =J63 -> 1.7 | K60: =K63 -> 1.7 | L60: =L63 -> 1.7
A61: Обслуживание государственного (муниципального) долга | B61: 89 | C61: 1 | D61: 00 | E61: 41240 | F61: 700 | J61: =J62 -> 1.7 | K61: =K62 -> 1.7 | L61: =L62 -> 1.7
A62: Обслуживание муниципального долга | B62: 89 | C62: 1 | D62: 00 | E62: 41240 | F62: 730 | J62: =J63 -> 1.7 | K62: =K63 -> 1.7 | L62: =L63 -> 1.7
A63: Обслуживание государственного и муниципального долга | B63: 89 | C63: 1 | D63: 00 | E63: 41240 | F63: 730 | G63: 13 | J63: =J64 -> 1.7 | K63: =K64 -> 1.7 | L63: =L64 -> 1.7
A64: Обслуживание государственного внутреннего и муниципального долга | B64: 89 | C64: 1 | D64: 00 | E64: 41240 | F64: 730 | G64: 13 | H64: 01 | J64: =J65 -> 1.7 | K64: =K65 -> 1.7 | L64: =L65 -> 1.7
A65: Администрация Паевского сельского поселения Кадошкинского муниципального района Республики Мордовия | B65: 89 | C65: 1 | D65: 00 | E65: 41240 | F65: 730 | G65: 13 | H65: 01 | I65: 918 | J65: ='Прил 4'!J89 -> 1.7 | K65: ='Прил 4'!K89 -> 1.7 | L65: ='Прил 4'!L89 -> 1.7
A66: Условно утверждаемые расходы | B66: 89 | C66: 1 | D66: 00 | E66: 41990 | K66: =K67 -> 21.9 | L66: =L67 -> 46.6
A67: Иные бюджетные ассигнования | B67: 89 | C67: 1 | D67: 00 | E67: 41990 | F67: 800 | K67: =K68 -> 21.9 | L67: =L68 -> 46.6
A68: Резервные средства | B68: 89 | C68: 1 | D68: 00 | E68: 41990 | F68: 870 | K68: ='Прил 4'!K92 -> 21.9 | L68: ='Прил 4'!L92 -> 46.6
A69: Условно утверждаемые расходы | B69: 89 | C69: 1 | D69: 00 | E69: 41990 | F69: 870 | G69: 99 | K69: 24.6 | L69: 52.6
A70: Условно утверждаемые расходы | B70: 89 | C70: 1 | D70: 00 | E70: 41990 | F70: 870 | G70: 99 | H70: 99 | K70: 24.6 | L70: 52.6
A71: Администрация Паевского сельского поселения Кадошкинского муниципального района Республики Мордовия | B71: 89 | C71: 1 | D71: 00 | E71: 41990 | F71: 870 | G71: 99 | H71: 99 | I71: 918 | K71: 24.6 | L71: 52.6
A72: Уличное освещение | B72: 89 | C72: 1 | D72: 00 | E72: 43010 | J72: =J75 -> 30.2 | K72: =K75 -> 3 | L72: =L75 -> 3
A73: Иные закупки товаров, работ и услуг для обеспечения государственных (муниципальных) нужд | B73: 89 | C73: 1 | D73: 00 | E73: 43010 | F73: 200 | J73: =J74 -> 30.2 | K73: =K74 -> 3 | L73: =L74 -> 3
A74: Прочая закупка товаров, работ и услуг | B74: 89 | C74: 1 | D74: 00 | E74: 43010 | F74: 240 | J74: =J75 -> 30.2 | K74: =K75 -> 3 | L74: =L75 -> 3
A75: Коммунальное хозяйство | B75: 89 | C75: 1 | D75: 00 | E75: 43010 | F75: 240 | G75: 05 | J75: =J76 -> 30.2 | K75: =K76 -> 3 | L75: =L76 -> 3
A76: Благоустройство | B76: 89 | C76: 1 | D76: 00 | E76: 43010 | F76: 240 | G76: 05 | H76: 03 | J76: =J77 -> 30.2 | K76: =K77 -> 3 | L76: =L77 -> 3
A77: Администрация Паевского сельского поселения Кадошкинского муниципального района Республики Мордовия | B77: 89 | C77: 1 | D77: 00 | E77: 43010 | F77: 240 | G77: 05 | H77: 03 | I77: 918 | J77: ='Прил 4'!J72 -> 30.2 | K77: ='Прил 4'!K72 -> 3 | L77: ='Прил 4'!L72 -> 3
A78: Прочие мероприятия по благоустройству | B78: 89 | C78: 1 | D78: 00 | E78: 43040 | J78: =J81 -> 10.2 | K78: =K81 -> 2 | L78: =L81 -> 2
A79: Иные закупки товаров, работ и услуг для обеспечения государственных (муниципальных) нужд | B79: 89 | C79: 1 | D79: 00 | E79: 43040 | F79: 200 | J79: =J80 -> 10.2 | K79: =K80 -> 2 | L79: =L80 -> 2
A80: Прочая закупка товаров, работ и услуг | B80: 89 | C80: 1 | D80: 00 | E80: 43040 | F80: 240 | J80: =J81 -> 10.2 | K80: =K81 -> 2 | L80: =L81 -> 2
A81: Коммунальное хозяйство | B81: 89 | C81: 1 | D81: 00 | E81: 43040 | F81: 240 | G81: 05 | J81: =J82 -> 10.2 | K81: =K82 -> 2 | L81: =L82 -> 2
A82: Благоустройство | B82: 89 | C82: 1 | D82: 00 | E82: 43040 | F82: 240 | G82: 05 | H82: 03 | J82: =J83 -> 10.2 | K82: =K83 -> 2 | L82: =L83 -> 2
A83: Администрация Паевского сельского поселения Кадошкинского муниципального района Республики Мордовия | B83: 89 | C83: 1 | D83: 00 | E83: 43040 | F83: 240 | G83: 05 | H83: 03 | I83: 918 | J83: ='Прил 4'!J75 -> 10.2 | K83: ='Прил 4'!K75 -> 2 | L83: ='Прил 4'!L75 -> 2
A84: Иные межбюджетные трансферты на осуществление полномочий по организации в границах поселения электро-, тепло-, газо- и водоснабжения населения, водоотведения, снабжения населения топливом в пределах полномочий, установленных законодательством Российской Федерации | B84: 89 | C84: 1 | D84: 00 | E84: 44101 | J84: =J87 -> 25.4 | K84: =K87 -> 25.4 | L84: =L87 -> 25.4
A85: Иные закупки товаров, работ и услуг для обеспечения государственных (муниципальных) нужд | B85: 89 | C85: 1 | D85: 00 | E85: 44101 | F85: 200 | J85: =J86 -> 25.4 | K85: =K86 -> 25.4 | L85: =L86 -> 25.4
A86: Прочая закупка товаров, работ и услуг | B86: 89 | C86: 1 | D86: 00 | E86: 44101 | F86: 240 | J86: =J87 -> 25.4 | K86: =K87 -> 25.4 | L86: =L87 -> 25.4
A87: Жилищно-коммунальное хозяйство | B87: 89 | C87: 1 | D87: 00 | E87: 44101 | F87: 240 | G87: 05 | J87: =J88 -> 25.4 | K87: =K88 -> 25.4 | L87: =L88 -> 25.4
A88: Коммунальное хозяйство | B88: 89 | C88: 1 | D88: 00 | E88: 44101 | F88: 240 | G88: 05 | H88: 02 | J88: =J89 -> 25.4 | K88: =K89 -> 25.4 | L88: =L89 -> 25.4
A89: Администрация Паевского сельского поселения Кадошкинского муниципального района Республики Мордовия | B89: 89 | C89: 1 | D89: 00 | E89: 44101 | F89: 240 | G89: 05 | H89: 02 | I89: 918 | J89: ='Прил 4'!J66 -> 25.4 | K89: ='Прил 4'!K66 -> 25.4 | L89: ='Прил 4'!L66 -> 25.4
A90: Иные межбюджетные трансферты на осуществление полномочий по дорожной деятельности в отношении автомобильных дорог местного значения в границах населенных пунктов поселения и обеспечению безопасности дорожного движения на них, включая создание и обеспечение функционирования парковок (парковочных мест), осуществлению муниципального контроля за сохранностью автомобильных дорог местного значения в границах населенных пунктов поселения, организации дорожного движения, а также осуществлению иных полномочий в области использования автомобильных дорог и осуществления дорожной деятельности в соответствии с законодательством Российской Федерации | B90: 89 | C90: 1 | D90: 00 | E90: 44102 | J90: =J93 -> 354.6 | K90: =K93 -> 359.6 | L90: =L93 -> 381.4
A91: Иные закупки товаров, работ и услуг для обеспечения государственных (муниципальных) нужд | B91: 89 | C91: 1 | D91: 00 | E91: 44102 | F91: 200 | J91: =J92 -> 354.6 | K91: =K92 -> 359.6 | L91: =L92 -> 381.4
A92: Прочая закупка товаров, работ и услуг | B92: 89 | C92: 1 | D92: 00 | E92: 44102 | F92: 240 | J92: =J93 -> 354.6 | K92: =K93 -> 359.6 | L92: =L93 -> 381.4
A93: Национальная экономика | B93: 89 | C93: 1 | D93: 00 | E93: 44102 | F93: 240 | G93: 04 | J93: =J94 -> 354.6 | K93: =K94 -> 359.6 | L93: =L94 -> 381.4
A94: Дорожное хозяйство (дорожные фонды) | B94: 89 | C94: 1 | D94: 00 | E94: 44102 | F94: 240 | G94: 04 | H94: 09 | J94: =J95 -> 354.6 | K94: =K95 -> 359.6 | L94: =L95 -> 381.4
A95: Администрация Паевского сельского поселения Кадошкинского муниципального района Республики Мордовия | B95: 89 | C95: 1 | D95: 00 | E95: 44102 | F95: 240 | G95: 04 | H95: 09 | I95: 918 | J95: ='Прил 4'!J59 -> 354.6 | K95: ='Прил 4'!K59 -> 359.6 | L95: ='Прил 4'!L59 -> 381.4
A96: Осуществление государственных полномочий Российской Федерации о первичному воинскому учету на территориях, где отсутствуют военные комиссариаты | B96: 89 | C96: 1 | D96: 00 | E96: 51180 | J96: =J99+J102 -> 87.4 | K96: =K99+K102 -> 90.1 | L96: =L99+L102 -> 90.1
A97: Расходы на выплаты персоналу в целях обеспечения выполнения функций государственными (муниципальными) органами, казенными учреждениями, органами управления государственными внебюджетными фондами | B97: 89 | C97: 1 | D97: 00 | E97: 51180 | F97: 100 | J97: =J98 -> 83.4 | K97: =K98 -> 86.1 | L97: =L98 -> 86.1
A98: Расходы на выплаты персоналу государственных (муниципальных) органов | B98: 89 | C98: 1 | D98: 00 | E98: 51180 | F98: 120 | J98: =J99 -> 83.4 | K98: =K99 -> 86.1 | L98: =L99 -> 86.1
A99: Национальная оборона | B99: 89 | C99: 1 | D99: 00 | E99: 51180 | F99: 120 | G99: 02 | J99: =J100 -> 83.4 | K99: =K100 -> 86.1 | L99: =L100 -> 86.1
A100: Мобилизационная и вневойсковая подготовка | B100: 89 | C100: 1 | D100: 00 | E100: 51180 | F100: 120 | G100: 02 | H100: 03 | J100: =J101 -> 83.4 | K100: =K101 -> 86.1 | L100: =L101 -> 86.1
...

Sheet Прил 7
C1: Приложение 7 к решению Совета депутатов Паевского сельского поселения "О бюджете Паевского сельского поселения Кадошкинского муниципального района Республики Мордовия на 2022 год и на плановый период 2023 и 2024 годов"
A2: ИСТОЧНИКИ ВНУТРЕННЕГО ФИНАНСИРОВАНИЯ ДЕФИЦИТА БЮДЖЕТА ПАЕВСКОГО СЕЛЬСКОГО ПОСЕЛЕНИЯ КАДОШКИНСКОГО МУНИЦИПАЛЬНОГО РАЙОНА РЕСПУБЛИКИ МОРДОВИЯ НА 2022 ГОД И НА ПЛАНОВЫЙ ПЕРИОД 2023 И 2024 ГОДОВ
E3: (тыс.руб.)
A4: Код | B4: Наименование кода группы, подгруппы, статьи, вида источника финансирования дефицитов бюджетов, кода классификации операций сектора государственного управления, относящихся к источникам финансирования дефицитов бюджетов Российской Федерации | C4: Сумма (тыс. руб.)
C5: 2022 год | D5: 2023 год | E5: 2024 год
A6: 000 01 00 00 00 00 0000 000 | B6: ИСТОЧНИКИ ВНУТРЕННЕГО ФИНАНСИРОВАНИЯ ДЕФИЦИТОВ БЮДЖЕТОВ | C6: =C7+C10+C14 -> 0.04 | D6: =D7+D10+D14 -> 0 | E6: =E7+E10+E14 -> 0
A7: 000 01 02 00 00 00 0000 000 | B7: Кредиты кредитных организаций в валюте Российской Федерации | C7: =SUM(C8) -> 0 | D7: =SUM(D8) -> 0 | E7: =SUM(E8) -> 0
A8: 000 01 02 00 00 00 0000 700 | B8: Получение кредитов от кредитных организаций в валюте Российской Федерации | C8: =SUM(C9) -> 0 | D8: =SUM(D9) -> 0 | E8: =SUM(E9) -> 0
A9: 000 01 02 00 00 10 0000 710 | B9: Получение кредитов от кредитных организаций бюджетами сельских поселений в валюте Российской Федерации | C9: 0 | D9: 0 | E9: 0
A10: 000 01 03 00 00 00 0000 000 | B10: Бюджетные кредиты из других бюджетов бюджетной системы Российской Федерации | C10: =C11 -> -47 | D10: =D11 -> -70.4 | E10: =E11 -> -93.8
A11: 000 01 03 01 00 00 0000 800 | B11: Погашение бюджетных кредитов, полученных из других бюджетов бюджетной системы Российской Федерации в валюте Российской Федерации | C11: =C12 -> -47 | D11: =D12 -> -70.4 | E11: =E12 -> -93.8
A12: 000 01 03 01 00 10 0000 800 | B12: Погашение бюджетных кредитов, полученных из других бюджетов бюджетной системы Российской Федерации в валюте Российской Федерации | C12: =SUM(C13) -> -47 | D12: =SUM(D13) -> -70.4 | E12: =SUM(E13) -> -93.8
A13: 000 01 03 01 00 10 0000 810 | B13: Погашение бюджетами сельских поселений кредитов из других бюджетов бюджетной системы Российской Федерации в валюте Российской Федерации | C13: =-47 -> -47 | D13: -70.4 | E13: -93.8
A14: 000 01 05 00 00 00 0000 000 | B14: Изменение остатков средств на счетах по учету средств бюджетов | C14: =C17+C18 -> 47.04 | D14: =D17+D18 -> 70.4 | E14: =E17+E18 -> 93.8
A15: 000 01 05 02 00 00 0000 500 | B15: Увеличение прочих остатков средств бюджетов | C15: =SUM(C16) -> -1272.6 | D15: =SUM(D16) -> -964.7 | E15: =SUM(E16) -> -1022.4
A16: 000 01 05 02 01 00 0000 510 | B16: Увеличение прочих остатков денежных средств бюджетов | C16: =SUM(C17) -> -1272.6 | D16: =SUM(D17) -> -964.7 | E16: =SUM(E17) -> -1022.4
A17: 000 01 05 02 01 10 0000 510 | B17: Увеличение прочих остатков денежных средств бюджетов сельских поселений | C17: =-('Прил 3'!C7+C9) -> -1272.6 | D17: =-('Прил 3'!D7+D9) -> -964.7 | E17: =-('Прил 3'!E7+E9) -> -1022.4
A18: 000 01 05 02 00 00 0000 600 | B18: Уменьшение прочих остатков средств бюджетов | C18: =SUM(C19) -> 1319.64 | D18: =SUM(D19) -> 1035.1 | E18: =SUM(E19) -> 1116.2
A19: 000 01 05 02 01 00 0000 610 | B19: Уменьшение прочих остатков денежных средств бюджетов | C19: =SUM(C20) -> 1319.64 | D19: =SUM(D20) -> 1035.1 | E19: =SUM(E20) -> 1116.2
A20: 000 01 05 02 01 10 0000 610 | B20: Уменьшение прочих остатков денежных средств бюджетов сельских поселений | C20: ='Прил 5 '!I7-C13 -> 1319.64 | D20: ='Прил 5 '!J7-D13 -> 1035.1 | E20: ='Прил 5 '!K7-E13 -> 1116.2

Sheet Прил 8
C1: Приложение 8 к решению Совета депутатов Паевского сельского поселения "О бюджете Паевского сельского поселения Кадошкинского муниципального района Республики Мордовия на 2022 год и на плановый период 2023 и 2024 годов"
A2: ПРОГРАММА МУНИЦИПАЛЬНЫХ ВНУТРЕННИХ ЗАИМСТВОВАНИЙ ПАЕВСКОГО СЕЛЬСКОГО ПОСЕЛЕНИЯ КАДОШКИНСКОГО МУНИЦИПАЛЬНОГО РАЙОНА РЕСПУБЛИКИ МОРДОВИЯ НА 2022 ГОД И НА ПЛАНОВЫЙ ПЕРИОД 2023 И 2024 ГОДОВ
A5: № п/п | B5: Виды заимствований | C5: Сумма (тыс.руб.)
C6: 2022 год | D6: 2023 год | E6: 2024 год
A7: 1 | B7: 2 | C7: 3 | D7: 4 | E7: 5
A8: I | B8: Кредиты кредитных организаций в валюте Российской Федерации | C8: =C10 -> 0 | D8: =D10 -> 0 | E8: =E10 -> 0
B9: в том числе:
A10: 1 | B10: Объем привлечения
A11: 2 | B11: Объем средств, напрвляемых на погашение основной суммы долга
A12: II | B12: Бюджетные кредиты от других бюджетов бюджетной системы Российской Федерации | C12: =C15 -> -47 | D12: =D15 -> -70.4 | E12: =E15 -> -93.8
B13: в том числе
A14: 1 | B14: Объем привлечения
A15: 2 | B15: Объем средств, напрвляемых на погашение основной суммы долга | C15: -47 | D15: -70.4 | E15: -93.8
B16: ВСЕГО | C16: =C10+C15 -> -47 | D16: =D10+D15 -> -70.4 | E16: =E10+E15 -> -93.8
